 Dungeon Crawl Stone Soup version 0.29.1-1-gd02db6906a (webtiles) character file.

Game seed: 1724599230597471338

684344 hikkokomori the Metallomancer (level 27, -5/179 HPs)
             Began as a Gargoyle Earth Elementalist on Sept 27, 2022.
             Was the Champion of Jiyva.
             Slain by an Orb Guardian (21 damage)
             ... on level 5 of the Realm of Zot on Oct 2, 2022.
             The game lasted 07:23:55 (53250 turns).

hikkokomori the Metallomancer (GrEE)               Turns: 53250, Time: 07:23:56

Health: -5/179     AC: 18    Str: 12 (15) XL:     27
Magic:  26/33      EV: 22    Int: 21 (23) God:    Jiyva [******]
Gold:   3681       SH:  0    Dex: 14 (16) Spells: 1/47 levels left

rFire   + + .      SeeInvis .   (weapon currently unavailable)
rCold   + + .      Faith    .   (shield currently unavailable)
rNeg    + + +      Spirit   .   (body armour currently unavailable)
rPois   ∞          Reflect  .   (helmet unavailable)
rElec   +          Harm     .   (cloak currently unavailable)
rCorr   +          Rampage  .   (gloves currently unavailable)
Will    ++...      Rage     9%  (boots currently unavailable)
Stlth   ++........              (amulet currently unavailable)
HPRegen 1.99/turn               (ring currently unavailable)
MPRegen 0.73/turn               (ring currently unavailable)

@: wisp-form, vertiginous, on berserk cooldown, flying, contaminated, hasted and
slowed, glowing, studying Summonings, unable to read
A: insubstantial, flying, no casting, sickness immunity, AC +20, tiny, (big
wings), negative energy resistance 1, (electricity resistance), torment
resistance 1, petrification resistance, (hooves 2), (horns 3), agile 1, berserk
2, (fire resistance 3), low MP 1, screaming 1, (acidic bite), (pseudopods 2), no
potion heal 1, subdued magic 2, inability to read after injury 1, (engulf)
}: 5/15 runes: barnacled, slimy, silver, abyssal, gossamer
a: Renounce Religion, Oozemancy, Slimify


You were on level 5 of the Realm of Zot.
You worshipped Jiyva.
Jiyva was exalted by your worship.
You were an insubstantial wisp.
You visited 12 branches of the dungeon, and saw 56 of its levels.
You visited the Abyss 1 time.
You visited 1 bazaar.
You also visited: Bailey, Wizlab and Desolation.

You collected 8069 gold pieces.
You spent 4388 gold pieces at shops.

Inventory:

Hand Weapons
 a - the +7 sceptre of Torment {pain, torment}
   (You took it off a deep elf sorcerer on level 3 of the Elven Halls)

   In the hands of one skilled in necromantic magic, it inflicts extra damage on
   living creatures.
   It occasionally torments all nearby living foes when it strikes in combat.
 o - the +9 flail "Omuczuejy" {vorpal, Drain rF++ Str+7}
   (You found it on level 4 of the Spider Nest)

   It inflicts extra damage upon your enemies.
   Str:       It affects your strength (+7).
   rF:        It greatly protects you from fire.
   Drain:     It drains your maximum health when unequipped.
 s - the +6 Majin-Bo {vamp, MP+6 Int+6}
   (You took it off a Hellbinder in a wizard's laboratory)

   It heals its wielder for a portion of the damage dealt when they wound a
   living foe with it or with a spell.
   Its wielder's spells cost health as well as magical power.
   Int:       It affects your intelligence (+6).
   MP:        It affects your magic capacity (+6).
 x - the +3 greatsling "Punk" {acid, rCorr}
   (You bought it in a shop on level 2 of the Vaults)

   Any ammunition fired from it is coated in acid, damaging and corroding those
   it strikes.
   rCorr:     It protects you from acid and corrosion.
 R - a +9 flail of freezing (melded)
Missiles
 t - 3 throwing nets
 z - 20 atropa-tipped darts
Armour
 g - the +4 dragonskin cloak
   (You took it off Tiamat on level 3 of the Realm of Zot)

   It grants the wearer a chance to resist fire, cold, poison, electricity,
   acid, and negative energy.
 n - a +3 buckler (melded)
 q - the +4 fire dragon scales "Tieneima" {rF++ rC- Regen+}
   (You found it in the Desolation of Salt)

   rF:        It greatly protects you from fire.
   rC:        It makes you vulnerable to cold.
   Regen:     It increases your rate of health regeneration.
 v - a +2 tower shield
 y - the +0 hat of Discretion {rPois MP+9 Int+4}
   (You acquired it on level 1 of the Vaults)

   Int:       It affects your intelligence (+4).
   rPois:     It protects you from poison.
   MP:        It affects your magic capacity (+9).
 L - a scarf of harm (melded)
 M - the +3 pair of gauntlets of War (melded) {Slay+5}
   (You found it on level 3 of the Elven Halls)

   Slay:      It affects your accuracy & damage with ranged weapons and melee
   (+5).
 V - +9 gold dragon scales (melded)
 W - a +2 cloak of stealth
 Y - the +1 pair of boots "Rawk" (melded) {Contam Str+9 Stlth+}
   (You found it on level 1 of the Vaults)

   Str:       It affects your strength (+9).
   Contam:    It causes magical contamination when unequipped.
   Stlth:     It makes you more stealthy.
 Z - +0 shadow dragon scales
Jewellery
 e - the ring "Lyqoig" (melded) {rF- rC+ Will+ Str+3 Slay+4}
   (You found it on level 5 of the Pits of Slime)

   [ring of protection from cold]

   Str:       It affects your strength (+3).
   Slay:      It affects your accuracy & damage with ranged weapons and melee
   (+4).
   rF:        It makes you vulnerable to fire.
   rC:        It protects you from cold.
   Will:      It increases your willpower.
 l - the amulet of Piqekaj {rPois rC+ Regen+ Dex-4 Stlth+}
   (You found it in the Desolation of Salt)

   [amulet of regeneration]

   Dex:       It affects your dexterity (-4).
   rC:        It protects you from cold.
   rPois:     It protects you from poison.
   Regen:     It increases your rate of health regeneration.
   Stlth:     It makes you more stealthy.
 A - the ring "Myos" {rF+ rN+ Will+}
   (You found it in a wizard's laboratory)

   [ring of protection from fire]

   rF:        It protects you from fire.
   rN:        It protects you from negative energy.
   Will:      It increases your willpower.
 C - the ring "Cokk" {Wiz +Blink rElec}
   (You found it on level 5 of the Vaults)

   [ring of wizardry]

   It improves your spell success rate.
   rElec:     It insulates you from electricity.
   +Blink:    It lets you blink.
 D - the ring "Leapti" {rElec rF+ rN+ MP+9 Dex+4}
   (You found it in a wizard's laboratory)

   [ring of protection from fire]

   Dex:       It affects your dexterity (+4).
   rF:        It protects you from fire.
   rElec:     It insulates you from electricity.
   rN:        It protects you from negative energy.
   MP:        It affects your magic capacity (+9).
 I - the amulet "Diqo Cop" (melded) {Reflect Fly Int+3 SH+5}
   (You took it off a deep elf sorcerer on level 3 of the Elven Halls)

   [amulet of reflection]

   It reflects blocked missile attacks.
   Int:       It affects your intelligence (+3).
   Fly:       It grants you flight.
   SH:        It affects your SH (+5).
 O - the ring "Barch" {Ice Str+3}
   (You bought it in a shop on level 2 of the Shoals)

   [ring of ice]

   It enhances your ice magic.
   Str:       It affects your strength (+3).
   rF:        It makes you vulnerable to fire.
   rC:        It protects you from cold.
 T - the ring of Wishful Thinking (melded) {Wiz Fly Str+4}
   (You bought it in a shop on level 3 of the Elven Halls)

   [ring of wizardry]

   It improves your spell success rate.
   Str:       It affects your strength (+4).
   Fly:       It grants you flight.
Wands
 h - a wand of iceblast (14)
 S - a wand of digging (5)
 X - a wand of acid (10)
Scrolls
 c - 2 scrolls of teleportation
 d - 7 scrolls of immolation
 j - 10 scrolls of amnesia
 p - 6 scrolls of fear
 r - 3 scrolls of magic mapping
 u - 3 scrolls of summoning
 J - 4 scrolls of silence
 P - 2 scrolls of blinking
 U - 3 scrolls of brand weapon
Potions
 b - 2 potions of magic
 f - a potion of berserk rage
 i - 9 potions of mutation
 k - 18 potions of curing
 m - 2 potions of invisibility
 F - 8 potions of might
 G - 5 potions of brilliance
 H - 6 potions of resistance
 K - 2 potions of haste
 Q - 5 potions of ambrosia
Miscellaneous
 w - a phantom mirror
 B - a condenser vane
 E - a tin of tremorstones (2/2)


   Skills:
 - Level 20.0 Fighting
 - Level 14.0 Maces & Flails
 + Level 18.6 Armour
 + Level 12.2 Dodging
 - Level 12.8 Stealth
 - Level 9.2 Shields
 - Level 10.7 Spellcasting
 + Level 21.2 Conjurations
 - Level 0.1 Summonings
 - Level 5.2 Necromancy
 - Level 0.7 Transmutations
 + Level 23.6 Ice Magic
 - Level 4.0 Air Magic
 - Level 24.0 Earth Magic


You had one spell level left.
You knew the following spells:

 Your Spells              Type           Power      Damage    Failure   Level
a - Sandblast             Erth           100%       2d20      1%          1
b - Stone Arrow           Conj/Erth      100%       3d13      1%          3
c - Passwall              Tmut/Erth      32%        N/A       1%          2
d - Freezing Cloud        Conj/Ice/Air   24%        6-21      1%          5
e - Animate Armour        Summ/Erth      76%        N/A       1%          4
f - Fireball              Conj/Fire      17%        3d9       3%          5
g - Ozocubu's Armour      Ice            62%        N/A       1%          3
h - Ozocubu's Refrigerat  Ice            31%        4d14      1%          7
i - Borgnjor's Vile Clut  Necr/Erth      22%        N/A       1%          5
j - Swiftness             Air            17%        N/A       5%          3
k - Lehudib's Crystal Sp  Conj/Erth      30%        10d8      5%          8

Your spell library contained the following spells:

 Spells                   Type           Power      Damage    Failure   Level
 Magic Dart               Conj           100%       1d8       1%          1
 Beastly Appendage        Tmut           18%        N/A       6%          1
 Sting                    Tmut/Pois      32%        1d4       8%          1
 Apportation              Tloc           14%        N/A       9%          1
 Ensorcelled Hibernation  Hex/Ice        76%        N/A       1%          2
 Searing Ray              Conj           100%       2d8       1%          2
 Frozen Ramparts          Ice            100%       1d16      1%          3
 Mephitic Cloud           Conj/Pois/Air  29%        N/A       1%          3
 Flame Wave               Conj/Fire      34%        2d10      1%          4
 Fulminant Prism          Conj/Hex       17%        3d11      1%          4
 Ice Form                 Ice/Tmut       39%        N/A       1%          4
 Iskenderun's Mystic Bla  Conj/Tloc      34%        2d8       1%          4
 Petrify                  Tmut/Erth      39%        N/A       1%          4
 Summon Ice Beast         Ice/Summ       38%        N/A       1%          4
 Lee's Rapid Deconstruct  Erth           31%        3d17*     1%          5
 Orb of Destruction       Conj           29%        9d9       1%          7
 Metabolic Englaciation   Hex/Ice        19%        N/A       2%          5
 Poisonous Vapours        Pois/Air       24%        N/A       6%          2
 Conjure Ball Lightning   Conj/Air       20%        3x3d6     7%          6
 Animate Dead             Necr           20%        N/A       10%         4
 Blink                    Tloc           14%        N/A       12%         2
 Call Imp                 Summ           7%         N/A       12%         2
 Scorch                   Fire           14%        2d6       12%         2
 Starburst                Conj/Fire      17%        6d6       16%         6
 Ignite Poison            Fire/Tmut/Pois 7%         N/A       21%         3
 Spider Form              Tmut/Pois      8%         N/A       21%         3
 Summon Guardian Golem    Hex/Summ       7%         N/A       22%         3
 Corpse Rot               Necr/Pois/Air  15%        N/A       22%         4
 Confusing Touch          Hex            7%         N/A       24%         3
 Gell's Gravitas          Tloc           7%         N/A       24%         3
 Inner Flame              Hex/Fire       7%         N/A       24%         3
 Portal Projectile        Hex/Tloc       14%        N/A       24%         3
 Teleport Other           Tloc           7%         N/A       24%         3
 Tukima's Dance           Hex            7%         N/A       24%         3
 Anguish                  Hex/Necr       6%         N/A       26%         4
 Summon Lightning Spire   Summ/Air       12%        N/A       32%         4
 Polar Vortex             Ice            31%        N/A       43%         9
 Olgreb's Toxic Radiance  Pois           7%         N/A       58%         4
 Passage of Golubria      Tloc           7%         N/A       58%         4
 Spellforged Servitor     Conj/Summ      17%        N/A       61%         7
 Blade Hands              Tmut           4%         N/A       82%         5
 Alistair's Intoxication  Tmut/Pois      5%         N/A       86%         5
 Yara's Violent Unravell  Hex/Tmut       4%         3d4       86%         5
 Summon Forest            Summ/Tloc      3%         N/A       88%         5
 Summon Mana Viper        Hex/Summ       7%         N/A       88%         5
 Eringya's Noxious Bog    Tmut/Pois      4%         N/A       100%        6
 Summon Cactus Giant      Summ           3%         N/A       100%        6
 Enfeeble                 Hex            3%         N/A       100%        7
 Haunt                    Necr/Summ      7%         N/A       100%        7
 Malign Gateway           Summ/Tloc      3%         N/A       100%        7
 Monstrous Menagerie      Summ           3%         N/A       100%        7
 Summon Hydra             Summ           3%         N/A       100%        7
 Borgnjor's Revivificati  Necr           10%        N/A       100%        8
 Discord                  Hex            3%         N/A       100%        8
 Disjunction              Tloc           3%         N/A       100%        8
 Ignition                 Fire           3%         3d4       100%        8
 Infestation              Necr           10%        N/A       100%        8
 Necromutation            Tmut/Necr      7%         N/A       100%        8
 Summon Horrible Things   Summ           3%         N/A       100%        8
 Death's Door             Necr           10%        N/A       100%        9
 Dragon's Call            Summ           3%         N/A       100%        9
 Statue Form              Tmut/Erth      Unusable   N/A       N/A         6

Dungeon Overview and Level Annotations

Branches:
Dungeon (15/15)            Temple (0/1) D:5            Lair (5/5) D:9
 Shoals (4/4) Lair:3       Spider (4/4) Lair:3        Slime (5/5) Lair:4
    Orc (2/2) D:11            Elf (3/3) Orc:2        Vaults (5/5) D:14
  Crypt (3/3) Vaults:2       Tomb (1/3) Crypt:3      Depths (4/4) D:15
    Zot (5/5) Depths:4     Bailey (visited)          WizLab (visited)
Desolation (visited)

Altars:
Cheibriados
Dithmenos
Fedhas
Gozag
Hepliaklqana
Kikubaaqudgha
Makhleb
Nemelex Xobeh
Okawaru
Qazlal
Ru
Sif Muna
Trog
Uskayaw
Wu Jian
Xom
Yredelemnul
Jiyva

Shops:
D:1 (   D:5 **   D:11 (   Orc:2 [:*(   Elf:1 **   Elf:2 *   Elf:3 =:*!
Shoals:2 =   Vaults:1 ((   Vaults:2 :(   Vaults:4 [*=((

Portals:
Hell: Depths:1 Depths:2 Depths:3 Depths:4
Abyss: Depths:3
Pandemonium: Depths:1 Depths:2
Ziggurat: Depths:4
Trove: Vaults:1 (give 18 potions of curing)

Annotations:
D:13 2 transporters
Slime:5 Royal Jelly
Depths:3 Grunn


Innate Abilities, Weirdness & Mutations

You are an insubstantial wisp.
Your tiny insubstantial body is highly resistant to most damage types.
You are flying.
Your equipment is entirely melded.
You are incapable of wielding weapons or throwing items.
You cannot cast spells.
You are immune to sickness and miasma.
((Your stone body is resilient. (AC +20)))
You are immune to poison.
((Your large and strong wings let you fly.))
You resist negative energy. (rN+)
((You are resistant to electric shocks. (rElec)))
You are resistant to unholy torment.
You are immune to petrification.
((You have hoof-like feet.))
((You have a pair of large horns on your head.))
You are agile. (Dex +4, Str/Int -1)
You have an uncontrollable temper.
((Your flesh is almost immune to the effects of heat. (rF+++)))
Your magical capacity is low. (-10% MP)
You occasionally shout uncontrollably at your foes.
((You have acidic saliva.))
((Armour fits poorly on your large pseudopods.))
Potions are less effective at restoring your health.
Your spells are easier to cast, but less powerful.
You occasionally lose the ability to read scrolls when taking damage.
((Your melee attacks may engulf your foes in ooze.))


Message History

You hear a loud "Zot"!
The Orb Guardian hits you but does no damage.
The Killer Klown enters a dispersal trap!
The Orb Guardian blinks! x3; The reaper blinks! x2; The Orb Guardian blinks! x3
The storm dragon blinks!
The black draconian blinks!
The storm dragon blinks!
The reaper blinks!
The black draconian blinks!
You blink.
The Killer Klown blinks!
The storm dragon breathes lightning at you.
The bolt of lightning misses you.
Your body shudders with the violent release of wild energies!
You feel extremely angry at everything!
Unknown command.
You feel yourself speed up. The Orb Guardian hits you!!
* * * LOW HITPOINT WARNING * * *
The Killer Klown does a flip.
You hear a loud "Zot"!
The black draconian breathes lightning at you.
The bolt of lightning misses the cacodemon.
The bolt of lightning hits you! You resist.
* * * LOW HITPOINT WARNING * * *
The Orb Guardian hits you.
* * * LOW HITPOINT WARNING * * *
The Orb Guardian completely misses you.
Unknown command.
Unknown command.
Okay, then.
Unknown command.
You cannot read scrolls in your current state!
Unknown command.
Okay, then.
You can't do that in your present form.
Unknown command.
Okay, then.
Unknown command.
Your system partially rejects the healing.
You feel much better. The Orb Guardian misses you. x2
The Orb Guardian hits you.
* * * LOW HITPOINT WARNING * * *
The Orb Guardian hits you!!
You die...

.....###.^.§.§..............#
....## #..........Dd........#
....# #...........2.....$..#
...## #..^.................#
...# #.........^D.........#
...## #.....^..2...........#
....# ##..^..pX^..........##
....## ##....[X.X........##
.....# ##....XvX.......##
######▓▓▓ ################
...##...## ..##.....##
..+.......+ ..#.......#
..'.......# ..##.....##
..###...##


You could see a Killer Klown, 2 storm dragons, a black draconian (catching
breath), a cacodemon (summoned), 5 Orb Guardians and a reaper (summoned).

Vanquished Creatures
  3 dread liches
  An orb of fire (Zot:5)
  3 juggernauts (Depths:3)
  3 ancient liches
  Sojobo (Vaults:5)
  A royal mummy (Tomb:1)
  Margery (Vaults:4)
  A Killer Klown (Zot:5)
  Frederick (Crypt:3)
  Saint Roka (Vaults:4)
  8 golden dragons
  Nikola (Shoals:4)
  A Hellbinder (WizLab)
  A profane servitor (Crypt:3)
  Arachne (Spider:4)
  2 bone dragons
  2 doom hounds (Depths:3)
  Jorgrun (D:14)
  An electric golem (Zot:5)
  A walking crystal tome (Depths:3)
  Rupert (Orc:2)
  16 tentacled monstrosities
  10 Orb Guardians (Zot:5)
  Zenata (Vaults:4)
  A walking earthen tome (Depths:3)
  6 quicksilver dragons
  A walking frostbound tome (Depths:3)
  3 liches
  A walking divine tome (Depths:3)
  2 deep elf blademasters (Elf:3)
  Asterion (Spider:3)
  2 krakens
  2 deep elf master archers (Elf:3)
  Polyphemus (Shoals:4)
  3 titans (Vaults:5)
  5 ancient champions (Crypt:1)
  7 death cobs
  Agnes (D:14)
  14 storm dragons
  Frances (D:14)
  11 tengu reavers
  13 sphinxes
  4 draconian monks
  9 fire giants
  A revenant (Crypt:1)
  Roxanne (Shoals:1)
  14 shadow dragons
  16 frost giants
  6 draconian knights
  12 deep elf sorcerers
  2 imperial myrmidons (Desolation)
  A balrug (WizLab)
  An orc warlord (Orc:2)
  17 vault wardens
  8 iron dragons
  A juggernaut zombie (Depths:3)
  4 emperor scorpions
  Aizul (Spider:3)
  8 draconian shifters
  2 draconian scorchers
  4 curse skulls
  12 ghouls
  The ghost of clovenhoof the Eclecticist, an adept DrVM of Hepliaklqana (Shoals:4)
  7 ghost moths
  3 cacodemons (WizLab)
  5 war gargoyles
  6 draconian annihilators
  2 broodmothers
  19 ironbound preservers
  4 deep elf elementalists (Elf:3)
  A reaper (Depths:1)
  4 draconian stormcallers
  A demonspawn blood saint (WizLab)
  A spriggan defender (Depths:3)
  18 stone giants
  3 vampire knights
  2 ironbound thunderhulks
  31 very ugly things
  10 black draconians
  9 green draconians
  12 deep elf demonologists
  A rockslime zombie (Crypt:2)
  6 purple draconians
  6 entropy weavers
  A putrid mouth (Depths:3)
  15 yellow draconians
  3 halazid warlocks (Desolation)
  9 white draconians
  5 deep elf annihilators
  9 red draconians
  12 spark wasps
  10 eidola
  15 dire elephants
  3 green deaths
  9 fire dragons
  An ettin (shapeshifter) (Depths:3)
  15 mummy priests
  12 ettins
  6 deep elf death magi
  5 merfolk javelineers
  Snorg (D:14)
  7 merfolk impalers
  9 jiangshi
  4 deep elf high priests
  34 vault guards
  11 yaktaur captains
  10 ragged hierophants (Desolation)
  9 servants of whispers (Desolation)
  6 rakshasas
  5 hydras
  12 ice dragons
  6 ogre magi
  7 ironbound frosthearts
  8 boulder beetles
  A quicksilver dragon skeleton (Crypt:1)
  A catoblepas (Shoals:4)
  4 jorogumos
  8 peacekeepers
  3 spriggan skeletons
  2 merfolk avatars (Shoals:4)
  8 centaur warriors
  7 spriggan air magi
  A fenstrider witch skeleton (Crypt:1)
  A two-headed ogre (shapeshifter) (Vaults:1)
  4 radroaches
  An alligator snapping turtle (Shoals:3)
  4 two-headed ogres
  5 death knights
  8 merfolk aquamancers
  30 dancing weapons
  26 death yaks
  13 orc high priests
  9 death scarabs (Tomb:1)
  5 deep troll earth magi
  5 hell hogs (Depths:2)
  A thrashing horror (Abyss:4)
  13 deep troll shamans
  4 tengu warriors
  A titan zombie (Crypt:3)
  7 vampire magi
  4 spriggan berserkers
  3 sun demons
  5 soul eaters (WizLab)
  17 hell knights
  14 deep elf knights
  5 sun moths
  8 iron trolls
  A fire crab (shapeshifter) (D:14)
  A bunyip zombie (Crypt:3)
  4 pharaoh ants
  A spatial maelstrom (Elf:2)
  A spark wasp zombie (Crypt:1)
  A golden dragon zombie (Depths:3)
  45 skeletal warriors
  An orb spider (shapeshifter) (Elf:2)
  4 steelbarb worms
  18 sea snakes
  3 shadow demons
  4 flayed ghosts
  A bog body (Crypt:2)
  A lindwurm (D:14)
  65 deep trolls
  An obsidian statue (Zot:5)
  An anaconda zombie (Crypt:1)
  A glowing orange brain (shapeshifter) (Vaults:1)
  A swamp dragon (Zot:4)
  7 wizards
  9 necromancers
  10 orb spiders
  11 deep elf archers
  19 ironbound convokers
  A tengu zombie (Depths:3)
  5 orc knights
  3 shadow dragon zombies
  24 phantasmal warriors
  Pikel (D:6)
  11 deep elf pyromancers
  16 deep elf zephyrmancers
  24 harpies
  A shadow dragon skeleton (Depths:2)
  An iron dragon zombie (Crypt:1)
  2 spectral merfolk (Shoals:4)
  A tengu skeleton (Depths:3)
  A frost giant zombie (Vaults:2)
  A human zombie (Crypt:3)
  A salamander (shapeshifter) (Elf:2)
  16 fauns
  A sphinx skeleton (Vaults:3)
  21 wolf spiders
  An iron dragon skeleton (Depths:2)
  34 ugly things
  20 moths of wrath
  5 orc sorcerers
  A stone giant zombie (Crypt:3)
  A moth of wrath (shapeshifter) (Depths:2)
  7 cyclopes
  10 manticores
  Joseph (D:7)
  A naga zombie (Crypt:3)
  Maurice (D:12)
  A guardian serpent (shapeshifter) (Depths:2)
  2 centaur zombies (Crypt:3)
  21 elephants
  5 rust devils
  4 dire elephant zombies
  21 vault sentinels
  2 guardian serpents (Desolation)
  9 merfolk sirens
  A molten gargoyle (Desolation)
  An elephant slug zombie (Crypt:1)
  7 torpor snails
  5 water nymphs
  10 black mambas
  3 smoke demons
  3 spectral sea snakes (Shoals:4)
  16 cane toads
  2 rime drakes
  An orange demon (WizLab)
  Psyche (D:8)
  An unseen horror (D:11)
  3 kobold demonologists
  7 komodo dragons
  A centaur skeleton (Tomb:1)
  3 hellions
  2 yaktaur zombies
  12 freezing wraiths
  38 yaktaurs
  A demonic crawler (Spider:2)
  3 tengu conjurers
  An alligator snapping turtle skeleton (Crypt:1)
  3 ice devils (Depths:1)
  4 tormentors
  A hydra zombie (Crypt:1)
  An unseen horror skeleton (Crypt:2)
  10 guardian mummies
  2 hellwings (WizLab)
  A sea snake skeleton (Crypt:2)
  3 red devils
  A queen bee (Spider:1)
  9 trolls
  A pale draconian skeleton (Crypt:2)
  A polar bear (Lair:4)
  7 wind drakes
  A white draconian skeleton (Crypt:1)
  A harpy zombie (Crypt:3)
  13 meliai
  3 tyrant leeches (Lair:5)
  2 hornets (Depths:1)
  28 merfolk
  A hydra skeleton (Crypt:2)
  18 blink frogs
  57 saltlings (Desolation)
  A spectral manticore (Shoals:4)
  10 dream sheep
  22 tarantellas
  10 snapping turtles
  A stone giant simulacrum (Crypt:1)
  A centaur simulacrum (D:14)
  6 flying skulls (Tomb:1)
  2 air elementals
  An ettin zombie (Vaults:2)
  32 jumping spiders
  An ettin skeleton (Crypt:1)
  2 spriggans (Depths:1)
  A fire giant simulacrum (Depths:2)
  A shadow (Crypt:3)
  6 water elementals
  16 culicivoras
  A vampire (D:13)
  4 ushabtiu
  4 basilisks
  5 wyverns
  A hog (Lair:3)
  Eustachio (D:5)
  A black mamba skeleton (Crypt:1)
  42 yaks
  10 wraiths
  7 fire elementals
  2 chaos spawn (WizLab)
  38 redbacks
  2 steam dragons (D:6)
  15 vampire mosquitoes
  6 spatial vortices (Abyss:4)
  2 neqoxecs (WizLab)
  4 wargs
  Menkaure (D:5)
  A faun zombie (Crypt:2)
  A hell hound (Orc:2)
  14 water moccasins
  2 acid dragons
  A glowing shapeshifter skeleton (Depths:3)
  A sky beast (D:8)
  An ice beast (D:4)
  39 orc warriors
  2 small abominations (Abyss:4)
  A black bear (D:4)
  13 wolves
  2 boggarts (Elf:3)
  An elf simulacrum (Vaults:2)
  8 ogres
  10 centaurs
  2 phantoms
  A human skeleton (Vaults:3)
  3 kobold brigands
  A lemure (D:6)
  15 bullfrogs
  17 necrophages
  2 earth elementals
  A gnoll sergeant (D:8)
  2 merfolk simulacra (Shoals:4)
  A komodo dragon skeleton (Crypt:2)
  7 wyvern skeletons (Crypt:3)
  13 wights
  11 jellies
  A snapping turtle simulacrum (Shoals:4)
  A manticore simulacrum (Shoals:4)
  24 killer bees
  A polar bear zombie (Crypt:1)
  4 howler monkeys
  9 electric eels
  A bullfrog zombie (Crypt:1)
  4 hounds
  12 orc priests
  9 iguanas
  A bullfrog skeleton (Crypt:1)
  16 orc wizards
  A killer bee zombie (Crypt:2)
  A hound skeleton (Crypt:1)
  10 mummies
  9 adders
  8 gnolls
  A shadow imp (D:5)
  A white imp (D:6)
  An ufetubus (D:5)
  A jelly zombie (Crypt:2)
  4 worms
  A dart slug (D:5)
  80 orcs
  A bat (D:1)
  An endoplasm (D:1)
  4 giant cockroaches
  7 goblins
  9 hobgoblins
  11 jackals
  14 kobolds
  4 quokkas
  A river rat zombie (Crypt:1)
  6 ball pythons
  2 frilled lizards
  10 rats
  A plant (Depths:4)
  A starspawn tentacle (Abyss:4)
  2 tentacles
  A withered plant (Crypt:3)
2388 creatures vanquished.

Vanquished Creatures (collateral kills)
  Tiamat (Zot:3)
  An orb of fire (Zot:5)
  The ghost of Laddes the Executioner, a veteran DsFi of Jiyva (Zot:4)
  A lich (Vaults:1)
  Mlioglotl (Spider:1)
  A titan (Vaults:4)
  A sphinx (Vaults:4)
  A death cob (Zot:5)
  Kirke (Lair:3)
  Ilsuiw (Shoals:2)
  A fire giant (D:14)
  A frost giant (D:14)
  A deep elf sorcerer (Elf:3)
  A black draconian (Zot:3)
  A yellow draconian (Zot:3)
  Azrael (Orc:2)
  A white draconian (Zot:3)
  A deep elf death mage (Elf:3)
  4 ragged hierophants (Desolation)
  A deep elf high priest (Elf:1)
  2 peacekeepers (Desolation)
  2 boulder beetles
  A dancing weapon (Elf:2)
  An orb spider (Spider:4)
  A lindwurm (Vaults:1)
  An orc knight (Bailey)
  A deep elf archer (Elf:1)
  A phantasmal warrior (Vaults:5)
  A wolf spider (Spider:2)
  A cyclops (D:11)
  2 tengu conjurers (D:13)
  8 saltlings (Desolation)
  Prince Ribbit (D:8)
  A jumping spider (Spider:4)
  A culicivora (Spider:2)
  4 redbacks (Spider:2)
  A hell hound (Orc:2)
  2 orc warriors
  A nameless horror (Vaults:5)
  An orc wizard (D:9)
57 creatures vanquished.

Vanquished Creatures (others)
  A storm dragon (Depths:3)
  A draconian knight (Zot:1)
  An azure jelly (Lair:5)
  A vault warden (Vaults:4)
  An entropy weaver (Vaults:3)
  5 great orbs of eyes
  An ironbound frostheart (Vaults:3)
  A centaur warrior (D:13)
  2 death yaks (Lair:5)
  A deep elf knight (Elf:3)
  A shadow wraith (Vaults:5)
  An orb spider (Spider:2)
  A deep troll (Vaults:2)
  A lindwurm (shapeshifter) (Vaults:5)
  A wizard (D:14)
  A shining eye (shapeshifter) (Vaults:5)
  A necromancer (Depths:3)
  A wolf spider (Vaults:4)
  2 vault sentinels
  A torpor snail (shapeshifter) (Depths:2)
  An eye of devastation (shapeshifter) (Depths:3)
  An unseen horror (D:10)
  2 floating eyes
  A saltling (Desolation)
  A frost giant simulacrum (Depths:3)
  5 slime creatures (Vaults:3)
  A blink frog (Lair:5)
  A culicivora (shapeshifter) (Depths:3)
  A water elemental (Elf:1)
  A redback (Vaults:3)
  A glowing shapeshifter zombie (Depths:3)
  A water moccasin (D:6)
  A floating eye (shapeshifter) (Depths:3)
  A black bear (D:6)
  2 orc warriors
  An ogre (D:6)
  5 boggarts (Vaults:4)
  A bullfrog (shapeshifter) (Vaults:5)
  2 bullfrogs
  2 scorpions
  2 wights (D:8)
  An electric eel (Bailey)
  322 jellies
  A jelly (shapeshifter) (Vaults:1)
  An orc priest (D:6)
  Jessica (D:2)
  A black bear skeleton (Crypt:2)
  An iguana (D:7)
  4 orc wizards
  An ice beast zombie (Crypt:2)
  An adder (D:4)
  3 gnolls
  A shadow imp (D:6)
  A dart slug (D:1)
  19 orcs
  5 endoplasms
  4 hobgoblins
  A jackal (D:5)
  A kobold (D:2)
  A quokka (D:4)
  2 ball pythons
  A bat (D:3)
  6 frilled lizards (D:4)
  3 goblins
  A rat (D:2)
  77 fungi
  340 plants
  3 starspawn tentacles (Abyss:4)
  17 tentacles
  42 withered plants
922 creatures vanquished.

Grand Total: 3367 creatures vanquished

Notes
Turn   | Place    | Note
-------+----------+-------------------------------------------
     0 | D:1      | hikkokomori the Gargoyle Earth Elementalist began the quest
                  | for the Orb.
     0 | D:1      | Reached XP level 1. HP: 10/10 MP: 3/3
     6 | D:1      | Found Gytissur's Antique Weapon Shoppe.
   119 | D:1      | Reached skill level 1 in Fighting
   119 | D:1      | Reached XP level 2. HP: 7/16 MP: 0/5
   320 | D:1      | Found a faded altar of an unknown god.
   325 | D:1      | Reached skill level 4 in Earth Magic
   332 | D:1      | Prayed at the altar of an unknown god.
   332 | D:1      | Became a worshipper of Jiyva Juac the Shapeless
   332 | D:1      | Reached * piety under Jiyva
   685 | D:2      | Reached XP level 3. HP: 21/21 MP: 4/6
   753 | D:2      | Reached XP level 4. HP: 27/27 MP: 5/7
   776 | D:2      | Reached ** piety under Jiyva
   949 | D:2      | Killed Jessica
   983 | D:2      | Identified the +0 leather armour "Raeniti" {rElec rN+
                  | Dex-5}
  1011 | D:2      | Reached skill level 5 in Earth Magic
  1288 | D:2      | Found a hide-covered altar of Uskayaw.
  1358 | D:3      | Learned a level 3 spell: Stone Arrow
  1406 | D:3      | Found a blossoming altar of Fedhas.
  1447 | D:3      | Learned a level 2 spell: Passwall
  1491 | D:3      | Noticed a water moccasin
  1567 | D:3      | Reached skill level 1 in Conjurations
  1567 | D:3      | Reached XP level 5. HP: 25/32 MP: 4/8
  1710 | D:3      | Killed a water moccasin
  1711 | D:3      | Reached XP level 6. HP: 26/38 MP: 6/9
  1786 | D:3      | Reached *** piety under Jiyva
  1836 | D:4      | Noticed a black bear
  1845 | D:4      | Killed a black bear
  1846 | D:4      | Reached skill level 6 in Earth Magic
  1914 | D:4      | Found a hide-covered altar of Uskayaw.
  1926 | D:4      | Noticed an ice beast
  1932 | D:4      | Killed an ice beast
  1941 | D:4      | Reached XP level 7. HP: 44/44 MP: 7/10
  2188 | D:4      | Reached skill level 5 in Fighting
  2336 | D:5      | Entered Level 5 of the Dungeon
  2348 | D:5      | Found Howaji's General Store.
  2348 | D:5      | Found Pigy's Specific Store.
  2400 | D:5      | Reached skill level 7 in Earth Magic
  2432 | D:5      | Found a staircase to the Ecumenical Temple.
  2465 | D:5      | Noticed Eustachio
  2479 | D:5      | Killed Eustachio
  2480 | D:5      | Reached XP level 8. HP: 38/51 MP: 9/11
  2480 | D:5      | Found an opulent altar of Gozag.
  2508 | D:5      | Reached skill level 5 in Conjurations
  2722 | D:5      | Noticed Menkaure
  2733 | D:5      | Killed Menkaure
  2734 | D:5      | Reached skill level 8 in Earth Magic
  2747 | D:5      | Reached **** piety under Jiyva
  2838 | D:5      | Gained mutation: You are somewhat resistant to further
                  | mutation. [Jiyva's grace]
  2838 | D:5      | Gained mutation: You are somewhat resistant to both further
                  | mutation and mutation removal. [Jiyva's grace]
  2838 | D:5      | Gained mutation: You are almost entirely resistant to
                  | further mutation and mutation removal. [Jiyva's grace]
  2838 | D:5      | Gained mutation: You have a small jelly attached to you
                  | that may absorb projectiles. [Jiyva's grace]
  2941 | D:5      | Found a snail-covered altar of Cheibriados.
  3054 | D:5      | Reached XP level 9. HP: 42/57 MP: 12/12
  3248 | D:6      | Reached skill level 9 in Earth Magic
  3262 | D:6      | Found a shimmering altar of Xom.
  3339 | D:6      | Noticed Pikel
  3360 | D:6      | Killed Pikel
  3428 | D:6      | Found a shadowy altar of Dithmenos.
  3554 | D:6      | Found a sparkling altar of Nemelex Xobeh.
  3749 | D:7      | Reached skill level 10 in Earth Magic
  4098 | D:7      | Noticed Joseph
  4107 | D:7      | Killed Joseph
  4108 | D:7      | Reached skill level 1 in Maces & Flails
  4108 | D:7      | Reached XP level 10. HP: 49/65 MP: 13/13
  4163 | D:7      | You fall into a shaft and drop 1 floor!
  4166 | D:8      | Reached ***** piety under Jiyva
  4230 | D:8      | Identified the +2 pair of gloves of the Black Moon {rElec
                  | rF- Dex+3}
  4265 | D:8      | Noticed Psyche
  4345 | D:8      | Noticed Prince Ribbit
  4357 | D:8      | Killed Prince Ribbit
  4421 | D:8      | Reached skill level 5 in Shields
  4446 | D:8      | Found a sacrificial altar of Ru.
  4447 | D:8      | Found an ornate altar of the Wu Jian Council.
  4550 | D:8      | Killed Psyche
  4551 | D:8      | Reached skill level 11 in Earth Magic
  4839 | D:8      | Found a basalt altar of Yredelemnul.
  4951 | D:9      | Found a staircase to the Lair.
  5054 | D:9      | Gained mutation: You have a pair of small horns on your
                  | head. [Jiyva's grace]
  5054 | D:9      | Gained mutation: You have a pair of horns on your head.
                  | [Jiyva's grace]
  5054 | D:9      | Gained mutation: You have a pair of large horns on your
                  | head. [Jiyva's grace]
  5054 | D:9      | Gained mutation: You are agile. (Dex +4, Str/Int -1)
                  | [Jiyva's grace]
  5063 | D:9      | Found a stormy altar of Qazlal.
  5280 | D:9      | Found a burning altar of Makhleb.
  5411 | D:9      | Reached skill level 10 in Fighting
  5414 | D:9      | Reached XP level 11. HP: 19/72 MP: 14/14
  5595 | D:9      | Found a flagged portal.
  5607 | Bailey   | Entered a bailey
  5642 | Bailey   | Noticed an orc knight
  5654 | Bailey   | Killed an orc knight
  5753 | Bailey   | Found an iron altar of Okawaru.
  5759 | Bailey   | Noticed an orc high priest
  5768 | Bailey   | Killed an orc high priest
  5769 | Bailey   | Reached skill level 5 in Maces & Flails
  5769 | Bailey   | Reached skill level 12 in Earth Magic
  5967 | Bailey   | Noticed an orc knight
  5974 | Bailey   | Killed an orc knight
  6185 | D:9      | Acquired the +1 cloak of the Tentacled God {rPois Will+
                  | Regen+}
  6489 | D:10     | Entered Level 10 of the Dungeon
  6513 | D:10     | Learned a level 5 spell: Freezing Cloud
  6558 | D:10     | Found an iron altar of Okawaru.
  6682 | D:10     | Noticed a two-headed ogre
  6707 | D:10     | Killed a two-headed ogre
  6765 | D:10     | Found a hazy altar of Hepliaklqana.
  7014 | D:10     | Noticed a two-headed ogre
  7019 | D:10     | Killed a two-headed ogre
  7020 | D:10     | Reached skill level 1 in Ice Magic
  7102 | D:10     | Noticed a moth of wrath
  7106 | D:10     | Found a bloodstained altar of Trog.
  7336 | D:11     | Found a staircase to the Orcish Mines.
  7364 | D:11     | Lost mutation: You have a pair of large horns on your head.
                  | [Jiyva's grace]
  7364 | D:11     | Gained mutation: You are partially covered in iridescent
                  | scales. (AC +2) [Jiyva's grace]
  7364 | D:11     | Gained mutation: You are mostly covered in iridescent
                  | scales. (AC +4) [Jiyva's grace]
  7364 | D:11     | Gained mutation: You are completely covered in iridescent
                  | scales. (AC +6) [Jiyva's grace]
  7364 | D:11     | Gained mutation: Armour fits poorly on your pseudopods.
                  | [Jiyva's grace]
  7421 | D:11     | Found Noukhly's Antique Weapon Shop.
  7542 | D:11     | Reached skill level 1 in Armour
  7574 | D:11     | Noticed a cyclops
  7580 | D:11     | Killed a cyclops
  7814 | D:11     | Reached XP level 12. HP: 80/80 MP: 15/15
  7896 | D:12     | Reached skill level 5 in Stealth
  8119 | D:12     | Noticed a centaur warrior
  8131 | D:12     | Killed a centaur warrior
  8194 | D:12     | Noticed Maurice
  8195 | D:12     | Noticed a two-headed ogre
  8206 | D:12     | Killed a two-headed ogre
  8210 | D:12     | Killed Maurice
  8389 | D:13     | Noticed an ettin
  8392 | D:13     | Found a transporter.
  8392 | D:13     | Noticed a stone giant
  8392 | D:13     | Noticed an orc warlord
  8394 | D:13     | Noticed an orc high priest
  8412 | D:13     | Noticed a boulder beetle
  8421 | D:13     | Killed a boulder beetle
  8607 | D:13     | Noticed a rakshasa
  8624 | D:13     | Killed a rakshasa
  8675 | D:13     | Found a transporter.
  8702 | D:13     | Killed a centaur warrior
  8884 | D:13     | Reached ****** piety under Jiyva
  8893 | D:13     | Noticed a two-headed ogre
  8898 | D:13     | Killed a two-headed ogre
  8996 | Lair:1   | Entered Level 1 of the Lair of Beasts
  9015 | Lair:1   | Learned a level 4 spell: Animate Armour
  9121 | Lair:1   | Reached skill level 5 in Armour
  9135 | Lair:1   | Reached skill level 5 in Ice Magic
  9160 | Lair:1   | Identified the +0 chain mail of the New World {Int+7}
  9542 | Lair:1   | Reached XP level 13. HP: 84/84 MP: 16/16
  9900 | Lair:2   | Lost mutation: You have a pair of horns on your head.
                  | [Jiyva's grace]
  9900 | Lair:2   | Lost mutation: You are completely covered in iridescent
                  | scales. (AC +6) [Jiyva's grace]
  9900 | Lair:2   | Gained mutation: You are very agile. (Dex +8, Str/Int -2)
                  | [Jiyva's grace]
  9900 | Lair:2   | Gained mutation: Your melee attacks may engulf your foes in
                  | ooze. [Jiyva's grace]
  9900 | Lair:2   | Gained mutation: You have a pair of horns on your head.
                  | [Jiyva's grace]
  9900 | Lair:2   | Gained mutation: You have a pair of large horns on your
                  | head. [Jiyva's grace]
 10617 | Lair:3   | Found a staircase to the Shoals.
 10632 | Lair:3   | Found a hole to the Spider Nest.
 10659 | Lair:3   | Identified the quicksilver dragon scales of Tempters {Will+
                  | Slay+3}
 10672 | Spider:1 | Entered Level 1 of the Spider Nest
 10672 | Spider:1 | Noticed an emperor scorpion
 10702 | Spider:1 | Killed an emperor scorpion
 10802 | Lair:3   | Found a shimmering altar of Xom.
 10960 | Lair:3   | Noticed Kirke
 10989 | Lair:3   | Killed Kirke
 11412 | Lair:4   | Lost mutation: You are mostly covered in iridescent scales.
                  | (AC +4) [Jiyva's grace]
 11412 | Lair:4   | Lost mutation: You are almost entirely resistant to further
                  | mutation and mutation removal. [Jiyva's grace]
 11412 | Lair:4   | Gained mutation: You possess an exceptional clarity of
                  | mind. [Jiyva's grace]
 11412 | Lair:4   | Gained mutation: Your spells are a little harder to cast,
                  | but a little more powerful. [Jiyva's grace]
 11412 | Lair:4   | Gained mutation: Your spells are harder to cast, but more
                  | powerful. [Jiyva's grace]
 11412 | Lair:4   | Gained mutation: Your spells are much harder to cast, but
                  | much more powerful. [Jiyva's grace]
 11494 | Lair:4   | Found a staircase to the Slime Pits.
 11495 | Lair:4   | Found a viscous altar of Jiyva.
 11829 | Lair:4   | Gained mutation: Your large and strong wings let you fly.
                  | [Gargoyle growth]
 11829 | Lair:4   | Reached XP level 14. HP: 90/90 MP: 19/19
 11996 | Lair:4   | Reached skill level 10 in Armour
 12331 | Slime:1  | Entered Level 1 of the Pits of Slime
 12400 | Slime:2  | Noticed an acid blob
 12426 | Slime:3  | Noticed a rockslime
 12426 | Slime:3  | Noticed an acid blob
 12429 | Slime:3  | Noticed a quicksilver ooze
 12435 | Slime:5  | Entered Level 5 of the Pits of Slime
 12439 | Slime:5  | Noticed a quicksilver ooze
 12457 | Slime:5  | Found a viscous altar of Jiyva.
 12458 | Slime:5  | Noticed an acid blob
 12458 | Slime:5  | Noticed an acid blob
 12458 | Slime:5  | Noticed an acid blob
 12458 | Slime:5  | Noticed a quicksilver ooze
 12458 | Slime:5  | Noticed an acid blob
 12459 | Slime:5  | Noticed the Royal Jelly
 12460 | Slime:5  | Noticed an acid blob
 12470 | Slime:5  | Identified the ring "Lyqoig" {rF- rC+ Will+ Str+3 Slay+4}
 12489 | Slime:5  | Got the Tome of Transmigration and Peregrination
 12499 | Slime:5  | Got the Guidebook on Amorphous Stones
 12501 | Slime:5  | Identified the +8 glaive of Valour {holy, rPois rF+ Dex-4}
 12509 | Slime:5  | Identified the +6 spear "Xuafilim" {speed, Int+5}
 12517 | Slime:5  | Got a slimy rune of Zot
 12518 | Slime:5  | Identified the +1 robe "Alelut" {*Corrode Regen+ Str+3}
 12549 | Slime:5  | Noticed an azure jelly
 12611 | Slime:5  | Noticed an acid blob
 12631 | Slime:5  | Noticed an acid blob
 12642 | Slime:5  | Noticed an azure jelly
 12660 | Slime:5  | Noticed an azure jelly
 12704 | Slime:5  | Noticed an acid blob
 12876 | Lair:5   | Entered Level 5 of the Lair of Beasts
 13011 | Lair:5   | Reached skill level 10 in Maces & Flails
 13139 | Lair:5   | Noticed an azure jelly
 13139 | Lair:5   | a seven-headed hydra changed into an azure jelly
 13157 | Lair:5   | Killed an azure jelly
 13758 | Lair:5   | Reached XP level 15. HP: 81/97 MP: 14/20
 14610 | D:14     | Noticed Agnes
 14618 | D:14     | Killed Agnes
 14697 | D:14     | Noticed Snorg
 14703 | D:14     | Killed Snorg
 14737 | D:14     | Noticed a frost giant
 14747 | D:14     | Killed a frost giant
 14803 | D:14     | Noticed Jorgrun
 14830 | D:14     | Killed Jorgrun
 15051 | D:14     | Noticed Frances
 15077 | D:14     | Killed Frances
 15140 | D:14     | Noticed a fire giant
 15150 | D:14     | Killed a fire giant
 15270 | D:14     | Found a gate to the Vaults.
 15711 | D:14     | Learned a level 5 spell: Fireball
 15758 | D:15     | Entered Level 15 of the Dungeon
 15760 | D:15     | Lost mutation: You are partially covered in iridescent
                  | scales. (AC +2) [Jiyva's grace]
 15760 | D:15     | Lost mutation: You are somewhat resistant to both further
                  | mutation and mutation removal. [Jiyva's grace]
 15760 | D:15     | Gained mutation: Your translucent skin slightly reduces
                  | your foes' accuracy. (Stealth+) [Jiyva's grace]
 15760 | D:15     | Gained mutation: Your translucent skin reduces your foes'
                  | accuracy. (Stealth+) [Jiyva's grace]
 15760 | D:15     | Gained mutation: Your transparent skin significantly
                  | reduces your foes' accuracy. (Stealth+) [Jiyva's grace]
 15760 | D:15     | Gained mutation: Armour fits poorly on your large
                  | pseudopods. [Jiyva's grace]
 16258 | D:15     | Found a staircase to the Depths.
 16277 | D:15     | Reached skill level 10 in Conjurations
 16417 | Orc:1    | Entered Level 1 of the Orcish Mines
 16419 | Orc:1    | Reached XP level 16. HP: 105/105 MP: 21/21
 16769 | Orc:2    | Entered Level 2 of the Orcish Mines
 16771 | Orc:2    | Found Hifej's Antique Armour Boutique.
 16841 | Orc:2    | Found a staircase to the Elven Halls.
 16943 | Orc:2    | Reached skill level 5 in Dodging
 16953 | Orc:2    | Noticed Rupert
 16967 | Orc:2    | Killed Rupert
 16975 | Orc:2    | Found Kudem's Book Emporium.
 17067 | Orc:2    | Bought Ozocubu's Autobiography for 240 gold pieces
 17132 | Orc:2    | Noticed Azrael
 17146 | Orc:2    | HP: 2/105 [Azrael/damnation (34)]
 17148 | Orc:2    | Killed Azrael
 17292 | Orc:2    | Found Peym's Antique Weapon Emporium.
 17342 | Orc:2    | Found Gawol's General Store.
 17350 | Orc:2    | Bought a scroll of identify for 30 gold pieces
 17526 | Orc:2    | Lost mutation: You have a pair of large horns on your head.
                  | [Jiyva's grace]
 17526 | Orc:2    | Lost mutation: You possess an exceptional clarity of mind.
                  | [Jiyva's grace]
 17526 | Orc:2    | Lost mutation: Armour fits poorly on your large pseudopods.
                  | [Jiyva's grace]
 17526 | Orc:2    | Gained mutation: You are somewhat resistant to both further
                  | mutation and mutation removal. [Jiyva's grace]
 17526 | Orc:2    | Gained mutation: You are almost entirely resistant to
                  | further mutation and mutation removal. [Jiyva's grace]
 17526 | Orc:2    | Gained mutation: You have acidic saliva. [Jiyva's grace]
 17526 | Orc:2    | Gained mutation: You are partially covered in large bone
                  | plates. (SH +4) [Jiyva's grace]
 17602 | Elf:1    | Entered Level 1 of the Elven Halls
 17656 | Elf:1    | Found Dezuykla's General Store.
 17764 | Elf:1    | Found Nunyo's Overcharged Wands.
 17818 | Elf:1    | Paralysed by an air elemental for 1 turns
 17821 | Elf:1    | Paralysed by an air elemental for 1 turns
 17840 | Elf:1    | Found a crumbling gateway.
 17888 | Desolati | Entered the Desolation of Salt
 18064 | Desolati | Reached skill level 5 in Spellcasting
 18205 | Desolati | Identified the +1 plate armour of Grace {rPois rN+ MP+9
                  | Int+3}
 18270 | Desolati | Reached skill level 10 in Ice Magic
 18326 | Desolati | Reached skill level 13 in Earth Magic
 18334 | Desolati | Reached XP level 17. HP: 108/110 MP: 24/26
 18366 | Desolati | Identified the amulet of Piqekaj {rPois rC+ Regen+ Dex-4
                  | Stlth+}
 18565 | Desolati | Identified the +1 leather armour of Hearudor {rElec rF-
                  | Will- Stlth+}
 18577 | Desolati | Got Emiduhi's Octavo of Flames and Congelation
 18632 | Desolati | Reached skill level 14 in Earth Magic
 18759 | Desolati | Identified the +8 plate armour "Beogesm" {Rampage}
 18760 | Desolati | Identified the +5 scimitar "Juegamn" {venom, Int+4}
 18772 | Desolati | Got the Guide on Toxic Wanderlust
 18810 | Desolati | Identified the +4 fire dragon scales "Tieneima" {rF++ rC-
                  | Regen+}
 18831 | Desolati | Learned a level 3 spell: Ozocubu's Armour
 19527 | Elf:1    | Paralysed by an air elemental for 1 turns
 19529 | Elf:1    | Noticed a Hell Sentinel
 19531 | Elf:1    | Paralysed by an air elemental for 1 turns
 19536 | Elf:1    | Paralysed by an air elemental for 1 turns
 19541 | Elf:1    | Paralysed by an air elemental for 1 turns
 19545 | Elf:1    | Noticed a Hell Sentinel
 19553 | Elf:1    | Paralysed by an air elemental for 1 turns
 19556 | Elf:2    | Found Faseaf's General Store.
 19561 | Elf:2    | Paralysed by an air elemental for 1 turns
 19596 | Elf:2    | Lost mutation: You are very agile. (Dex +8, Str/Int -2)
                  | [Jiyva's grace]
 19596 | Elf:2    | Lost mutation: You are agile. (Dex +4, Str/Int -1) [Jiyva's
                  | grace]
 19596 | Elf:2    | Gained mutation: Your muscles are strong. (Str +4, Int/Dex
                  | -1) [Jiyva's grace]
 19596 | Elf:2    | Gained mutation: Your muscles are very strong. (Str +8,
                  | Int/Dex -2) [Jiyva's grace]
 19596 | Elf:2    | Gained mutation: Your mind is acute. (Int +4, Str/Dex -1)
                  | [Jiyva's grace]
 19596 | Elf:2    | Gained mutation: Your mind is very acute. (Int +8, Str/Dex
                  | -2) [Jiyva's grace]
 19622 | Elf:2    | Reached skill level 15 in Earth Magic
 19644 | Elf:2    | Found a runed translucent gate.
 19645 | Elf:2    | Found a runed translucent gate.
 19645 | Elf:2    | Found a runed translucent gate.
 19731 | Elf:2    | HP: 3/110 [+7 dire flail of holy wrath (19)]
 19823 | Elf:2    | Bought a potion of curing for 54 gold pieces
 19823 | Elf:2    | Bought a scroll of teleportation for 54 gold pieces
 19982 | Elf:1    | Bought a potion of curing for 48 gold pieces
 19982 | Elf:1    | Bought a scroll of teleportation for 48 gold pieces
 20601 | Spider:1 | Reached skill level 16 in Earth Magic
 20732 | Spider:1 | Reached XP level 18. HP: 116/116 MP: 30/30
 20874 | Spider:1 | Identified the +9 hand axe "Usoschiu" {flame, *Corrode
                  | rN+++ Str+2 SInv}
 20878 | Spider:1 | Noticed Mlioglotl
 20968 | Spider:1 | Reached skill level 1 in Air Magic
 21140 | Spider:1 | Killed Mlioglotl
 22309 | Spider:3 | Noticed Aizul
 22322 | Spider:3 | Killed Aizul
 22373 | Spider:3 | Noticed Asterion
 22668 | Spider:3 | Lost mutation: You are partially covered in large bone
                  | plates. (SH +4) [Jiyva's grace]
 22668 | Spider:3 | Lost mutation: You are almost entirely resistant to further
                  | mutation and mutation removal. [Jiyva's grace]
 22668 | Spider:3 | Lost mutation: Your spells are much harder to cast, but
                  | much more powerful. [Jiyva's grace]
 22668 | Spider:3 | Lost mutation: Armour fits poorly on your pseudopods.
                  | [Jiyva's grace]
 22668 | Spider:3 | Lost mutation: Your transparent skin significantly reduces
                  | your foes' accuracy. (Stealth+) [Jiyva's grace]
 22668 | Spider:3 | Lost mutation: You have a small jelly attached to you that
                  | may absorb projectiles. [Jiyva's grace]
 22668 | Spider:3 | Gained mutation: You have a pair of large horns on your
                  | head. [Jiyva's grace]
 22668 | Spider:3 | Gained mutation: You have large cloven feet. [Jiyva's
                  | grace]
 22668 | Spider:3 | Gained mutation: You have hoof-like feet. [Jiyva's grace]
 22668 | Spider:3 | Gained mutation: You have hooves in place of feet. [Jiyva's
                  | grace]
 23404 | Spider:3 | Killed Asterion
 23873 | Spider:4 | Entered Level 4 of the Spider Nest
 24190 | Spider:4 | Identified the +9 flail "Omuczuejy" {vorpal, Drain rF++
                  | Str+7}
 24330 | Spider:4 | Reached XP level 19. HP: 120/120 MP: 31/31
 24358 | Spider:4 | Noticed Arachne
 24368 | Spider:4 | Reached skill level 15 in Ice Magic
 24382 | Spider:4 | Killed Arachne
 24680 | Spider:4 | Got a gossamer rune of Zot
 24696 | Spider:4 | Learned a level 7 spell: Ozocubu's Refrigeration
 24738 | Spider:4 | Lost dexterity.
 25020 | Spider:4 | Identified the +1 hat of Fory {rF+ rCorr}
 25323 | Shoals:1 | Entered Level 1 of the Shoals
 25324 | Shoals:1 | Lost mutation: You have a pair of large horns on your head.
                  | [Jiyva's grace]
 25324 | Shoals:1 | Lost mutation: Your muscles are very strong. (Str +8,
                  | Int/Dex -2) [Jiyva's grace]
 25324 | Shoals:1 | Lost mutation: Your translucent skin reduces your foes'
                  | accuracy. (Stealth+) [Jiyva's grace]
 25324 | Shoals:1 | Lost mutation: Your melee attacks may engulf your foes in
                  | ooze. [Jiyva's grace]
 25324 | Shoals:1 | Gained mutation: You are partially covered in large bone
                  | plates. (SH +4) [Jiyva's grace]
 25324 | Shoals:1 | Gained mutation: You are mostly covered in large bone
                  | plates. (SH +6) [Jiyva's grace]
 25324 | Shoals:1 | Gained mutation: You are completely covered in large bone
                  | plates. (SH +8) [Jiyva's grace]
 25324 | Shoals:1 | Gained mutation: Your body has grown eyes which may confuse
                  | attackers. (Acc +3) [Jiyva's grace]
 25508 | Shoals:1 | Identified the +5 scimitar of the Hammering Bear {freeze,
                  | rPois rC+ rN+ Dex+4}
 25868 | Shoals:1 | Identified Roxanne's Monograph on the Ground
 25868 | Shoals:1 | Noticed Roxanne
 25956 | Shoals:1 | Killed Roxanne
 26534 | Shoals:2 | Noticed Ilsuiw
 26539 | Shoals:2 | Found Ofyoz's Jewellery Emporium.
 26548 | Shoals:2 | Killed Ilsuiw
 26580 | Shoals:2 | Bought the ring "Barch" {Ice Str+3} for 689 gold pieces
 26914 | Shoals:3 | Reached skill level 15 in Fighting
 26962 | Shoals:3 | Reached XP level 20. HP: 129/129 MP: 32/32
 27061 | Shoals:3 | Lost mutation: You are completely covered in large bone
                  | plates. (SH +8) [Jiyva's grace]
 27061 | Shoals:3 | Lost mutation: Your spells are harder to cast, but more
                  | powerful. [Jiyva's grace]
 27061 | Shoals:3 | Lost mutation: You have acidic saliva. [Jiyva's grace]
 27061 | Shoals:3 | Lost mutation: Your body has grown eyes which may confuse
                  | attackers. (Acc +3) [Jiyva's grace]
 27061 | Shoals:3 | Lost mutation: Your translucent skin slightly reduces your
                  | foes' accuracy. (Stealth+) [Jiyva's grace]
 27061 | Shoals:3 | Gained mutation: You are strong-willed. (Will+) [Jiyva's
                  | grace]
 27061 | Shoals:3 | Gained mutation: You are highly strong-willed. (Will++)
                  | [Jiyva's grace]
 27061 | Shoals:3 | Gained mutation: You are extremely strong-willed. (Will+++)
                  | [Jiyva's grace]
 27061 | Shoals:3 | Gained mutation: You are robust. (+10% HP) [Jiyva's grace]
 27796 | Shoals:4 | Entered Level 4 of the Shoals
 27901 | Shoals:4 | Got the Omnibus of Graupel and Shifting
 28046 | Shoals:4 | Noticed Polyphemus
 28053 | Shoals:4 | Killed Polyphemus
 28054 | Shoals:4 | Reached XP level 21. HP: 142/149 MP: 9/33
 28113 | Shoals:4 | Noticed Nikola
 28124 | Shoals:4 | Killed Nikola
 28176 | Shoals:4 | Found a runed translucent gate.
 28176 | Shoals:4 | Found a runed translucent gate.
 28177 | Shoals:4 | Found a runed translucent gate.
 28187 | Shoals:4 | Noticed clovenhoof's ghost (adept DrVM)
 28216 | Shoals:4 | Killed clovenhoof's ghost
 28228 | Shoals:4 | Identified the +1 pair of boots of Benevolence {Int-2
                  | Dex+6}
 28491 | Shoals:4 | Got a barnacled rune of Zot
 28699 | Shoals:4 | Got the Precepts of Dislocation
 29431 | Elf:2    | Lost mutation: You have a pair of horns on your head.
                  | [Jiyva's grace]
 29431 | Elf:2    | Lost mutation: You are somewhat resistant to both further
                  | mutation and mutation removal. [Jiyva's grace]
 29431 | Elf:2    | Gained mutation: You are partially covered in iridescent
                  | scales. (AC +2) [Jiyva's grace]
 29431 | Elf:2    | Gained mutation: You are mostly covered in iridescent
                  | scales. (AC +4) [Jiyva's grace]
 29431 | Elf:2    | Gained mutation: You are completely covered in iridescent
                  | scales. (AC +6) [Jiyva's grace]
 29431 | Elf:2    | Gained mutation: You have an increased reservoir of magic.
                  | (+10% MP) [Jiyva's grace]
 29451 | Abyss:4  | Cast into level 4 of the Abyss (+0 lajatang of distortion)
 29614 | Abyss:4  | Found a corrupted altar of Lugonu.
 29669 | Abyss:4  | Got an abyssal rune of Zot
 29675 | Elf:2    | Escaped the Abyss
 30008 | Elf:3    | Entered Level 3 of the Elven Halls
 30025 | Elf:3    | Found Vosus's General Store.
 30025 | Elf:3    | Found Bysikysues's Jewellery Boutique.
 30039 | Elf:3    | Found Bicwerel's Distillery.
 30039 | Elf:3    | Found Webauh's Book Boutique.
 30067 | Elf:3    | Bought a potion of heal wounds for 85 gold pieces
 30067 | Elf:3    | Bought a potion of berserk rage for 85 gold pieces
 30067 | Elf:3    | Bought a potion of curing for 51 gold pieces
 30067 | Elf:3    | Bought a potion of cancellation for 136 gold pieces
 30067 | Elf:3    | Bought a potion of invisibility for 136 gold pieces
 30067 | Elf:3    | Bought a potion of haste for 170 gold pieces
 30292 | Elf:3    | Found a shimmering blue altar of Sif Muna.
 30310 | Elf:3    | Paralysed by an air elemental for 1 turns
 30341 | Elf:3    | Identified the +1 leather armour "Muopnaan" {+Inv Int+5}
 30399 | Elf:3    | Got Buihibuf's Incunable of the Throng
 30411 | Elf:3    | Got Mnoleg's Grimoire of the Retinue
 30565 | Elf:3    | Lost mutation: You are completely covered in iridescent
                  | scales. (AC +6) [Jiyva's grace]
 30565 | Elf:3    | Lost mutation: You have an increased reservoir of magic.
                  | (+10% MP) [Jiyva's grace]
 30565 | Elf:3    | Lost mutation: Your muscles are strong. (Str +4, Int/Dex
                  | -1) [Jiyva's grace]
 30565 | Elf:3    | Gained mutation: Your translucent skin slightly reduces
                  | your foes' accuracy. (Stealth+) [Jiyva's grace]
 30565 | Elf:3    | Gained mutation: Your translucent skin reduces your foes'
                  | accuracy. (Stealth+) [Jiyva's grace]
 30565 | Elf:3    | Gained mutation: Your transparent skin significantly
                  | reduces your foes' accuracy. (Stealth+) [Jiyva's grace]
 30565 | Elf:3    | Gained mutation: You are agile. (Dex +4, Str/Int -1)
                  | [Jiyva's grace]
 30653 | Elf:3    | Identified the amulet "Diqo Cop" {Reflect Fly Int+3 SH+5}
 30660 | Elf:3    | Reached XP level 22. HP: 119/161 MP: 1/34
 30895 | Elf:3    | Found the +3 pair of gauntlets of War {Slay+5}
 30939 | Elf:3    | Identified the +0 scale mail of the Orb Guardian {Slay+5}
 30956 | Elf:3    | Identified the ring of Getol {Fire SInv}
 30970 | Elf:3    | Got Eringya's Volume of Blight and Transfiguration
 30973 | Elf:3    | Identified the +11 mace of Building Destruction {vorpal,
                  | Contam Drain rF+ Str+9}
 31557 | Vaults:1 | Entered Level 1 of the Vaults
 31646 | Vaults:1 | Acquired the +0 hat of Discretion {rPois MP+9 Int+4}
 31704 | Vaults:1 | Found Huckihuj's Weapon Shop.
 31718 | Vaults:1 | Found a portal to a secret trove of treasure.
 31817 | Vaults:1 | Found Jess's Weapon Shoppe.
 32060 | Vaults:1 | Identified the +1 pair of boots "Rawk" {Contam Str+9
                  | Stlth+}
 32313 | Vaults:1 | Found a huge runed gate.
 32313 | Vaults:1 | Found a huge runed gate.
 32313 | Vaults:1 | Found a huge runed gate.
 32314 | Vaults:1 | Found a huge runed gate.
 32314 | Vaults:1 | Found a huge runed gate.
 32314 | Vaults:1 | Found a huge runed gate.
 32314 | Vaults:1 | Found a huge runed gate.
 32314 | Vaults:1 | Found a huge runed gate.
 32316 | Vaults:1 | Found a huge runed gate.
 32316 | Vaults:1 | Found a huge runed gate.
 32316 | Vaults:1 | Found a huge runed gate.
 32317 | Vaults:1 | Found a huge runed gate.
 32318 | Vaults:1 | Found a huge runed gate.
 32319 | Vaults:1 | Found a huge runed gate.
 32320 | Vaults:1 | Found a huge runed gate.
 32321 | Vaults:1 | Found a huge runed gate.
 32329 | Vaults:1 | Found a huge runed gate.
 32329 | Vaults:1 | Found a huge runed gate.
 32329 | Vaults:1 | Found a huge runed gate.
 32329 | Vaults:1 | Found a huge runed gate.
 32329 | Vaults:1 | Found a huge runed gate.
 32329 | Vaults:1 | Found a huge runed gate.
 32330 | Vaults:1 | Found a huge runed gate.
 32331 | Vaults:1 | Found a huge runed gate.
 32332 | Vaults:1 | Found a huge runed gate.
 32340 | Vaults:1 | Found a huge runed gate.
 32340 | Vaults:1 | Found a huge runed gate.
 32340 | Vaults:1 | Found a huge runed gate.
 32340 | Vaults:1 | Found a huge runed gate.
 32340 | Vaults:1 | Found a huge runed gate.
 32340 | Vaults:1 | Found a huge runed gate.
 32341 | Vaults:1 | Found a huge runed gate.
 32342 | Vaults:1 | Found a huge runed gate.
 32343 | Vaults:1 | Found a huge runed gate.
 32351 | Vaults:1 | Found a huge runed gate.
 32351 | Vaults:1 | Found a huge runed gate.
 32494 | Vaults:1 | Lost mutation: You have hooves in place of feet. [Jiyva's
                  | grace]
 32494 | Vaults:1 | Lost mutation: You have hoof-like feet. [Jiyva's grace]
 32494 | Vaults:1 | Lost mutation: You are mostly covered in iridescent scales.
                  | (AC +4) [Jiyva's grace]
 32494 | Vaults:1 | Lost mutation: You are mostly covered in large bone plates.
                  | (SH +6) [Jiyva's grace]
 32494 | Vaults:1 | Lost mutation: Your mind is very acute. (Int +8, Str/Dex
                  | -2) [Jiyva's grace]
 32494 | Vaults:1 | Lost mutation: You are extremely strong-willed. (Will+++)
                  | [Jiyva's grace]
 32494 | Vaults:1 | Lost mutation: You are highly strong-willed. (Will++)
                  | [Jiyva's grace]
 32494 | Vaults:1 | Lost mutation: Your spells are a little harder to cast, but
                  | a little more powerful. [Jiyva's grace]
 32494 | Vaults:1 | Gained mutation: Armour fits poorly on your pseudopods.
                  | [Jiyva's grace]
 32494 | Vaults:1 | Gained mutation: Armour fits poorly on your large
                  | pseudopods. [Jiyva's grace]
 32494 | Vaults:1 | Gained mutation: Armour fits poorly on your massive
                  | pseudopods. [Jiyva's grace]
 32494 | Vaults:1 | Gained mutation: You are very robust. (+20% HP) [Jiyva's
                  | grace]
 33142 | Vaults:2 | Found a flickering gateway to a bazaar.
 33163 | Bazaar   | Entered a bazaar
 33163 | Bazaar   | Found Xaodoan's Assorted Antiques.
 33163 | Bazaar   | Found Enguc's Antique Armour Shop.
 33163 | Bazaar   | Found Jared's Assorted Antiques.
 33178 | Bazaar   | Bought a pearl-encrusted scale mail for 162 gold pieces
 33178 | Bazaar   | Identified the +3 scale mail of Pathos {rF+ Int+2 Slay+2}
                  | (You bought it in a shop in a bazaar)
 33273 | Vaults:2 | Found a staircase to the Crypt.
 33273 | Vaults:2 | Found a basalt altar of Yredelemnul.
 33273 | Vaults:2 | Found an ancient bone altar of Kikubaaqudgha.
 33430 | Vaults:2 | Found Ujenlomy's Book Shop.
 33536 | Vaults:2 | Reached skill level 17 in Earth Magic
 33634 | Vaults:2 | Found Gebynoebu's Antique Weapon Emporium.
 33642 | Vaults:2 | Bought the +3 greatsling "Punk" {acid, rCorr} for 1252 gold
                  | pieces
 33642 | Vaults:2 | Found the +3 greatsling "Punk" {acid, rCorr}
 34358 | Vaults:3 | Lost mutation: You are agile. (Dex +4, Str/Int -1) [Jiyva's
                  | grace]
 34358 | Vaults:3 | Lost mutation: You are very robust. (+20% HP) [Jiyva's
                  | grace]
 34358 | Vaults:3 | Lost mutation: Your transparent skin significantly reduces
                  | your foes' accuracy. (Stealth+) [Jiyva's grace]
 34358 | Vaults:3 | Lost mutation: Your translucent skin reduces your foes'
                  | accuracy. (Stealth+) [Jiyva's grace]
 34358 | Vaults:3 | Gained mutation: Your translucent skin reduces your foes'
                  | accuracy. (Stealth+) [Jiyva's grace]
 34358 | Vaults:3 | Gained mutation: Your transparent skin significantly
                  | reduces your foes' accuracy. (Stealth+) [Jiyva's grace]
 34358 | Vaults:3 | Gained mutation: Your melee attacks may engulf your foes in
                  | ooze. [Jiyva's grace]
 34358 | Vaults:3 | Gained mutation: Your mind is very acute. (Int +8, Str/Dex
                  | -2) [Jiyva's grace]
 34399 | Vaults:3 | Reached XP level 23. HP: 171/171 MP: 35/35
 34450 | Vaults:3 | Identified the +0 ring mail of the Mordant God {rPois rN+
                  | Str-4 Stlth+}
 35284 | Vaults:4 | Found Atsucsip's Armour Boutique.
 35578 | Vaults:4 | Noticed Zenata
 35587 | Vaults:4 | Killed Zenata
 35592 | Vaults:4 | Noticed Margery
 35598 | Vaults:4 | Killed Margery
 35778 | Vaults:4 | Reached skill level 18 in Earth Magic
 35908 | Vaults:4 | Found Fimay's Jewellery Shoppe.
 35955 | Vaults:4 | Found Punijiamala's General Store.
 36269 | Depths:1 | Entered Level 1 of the Depths
 36312 | Depths:1 | Found a gateway to Hell.
 36313 | Depths:1 | Lost mutation: Your transparent skin significantly reduces
                  | your foes' accuracy. (Stealth+) [Jiyva's grace]
 36313 | Depths:1 | Gained mutation: You are agile. (Dex +4, Str/Int -1)
                  | [Jiyva's grace]
 36313 | Depths:1 | Gained mutation: You are very agile. (Dex +8, Str/Int -2)
                  | [Jiyva's grace]
 36313 | Depths:1 | Gained mutation: You have acidic saliva. [Jiyva's grace]
 36313 | Depths:1 | Gained mutation: You are mostly covered in iridescent
                  | scales. (AC +4) [Jiyva's grace]
 36566 | Depths:1 | Found an opulent altar of Gozag.
 36693 | Depths:1 | Found a one-way gate leading to the halls of Pandemonium.
 36702 | Depths:1 | Reached skill level 10 in Stealth
 37248 | Depths:2 | Reached XP level 24. HP: 179/179 MP: 10/35
 37643 | Depths:2 | Reached skill level 19 in Earth Magic
 38129 | Depths:3 | Learned a level 5 spell: Borgnjor's Vile Clutch
 38150 | Depths:3 | Found a one-way gate to the infinite horrors of the Abyss.
 38516 | Depths:3 | Noticed a juggernaut
 38522 | Depths:3 | Killed a juggernaut
 38528 | Depths:3 | Reached skill level 15 in Conjurations
 38532 | Depths:3 | Noticed Grunn
 38628 | Depths:3 | Noticed a juggernaut
 38635 | Depths:3 | Reached skill level 20 in Earth Magic
 38642 | Depths:3 | Killed a juggernaut
 38691 | Depths:3 | Noticed a juggernaut
 38706 | Depths:3 | Killed a juggernaut
 38958 | Depths:3 | Reached XP level 25. HP: 184/184 MP: 35/35
 38993 | Depths:3 | Identified the ring "Wang" {rC+ MP-9 Int+5}
 39015 | Depths:3 | Lost mutation: You have large cloven feet. [Jiyva's grace]
 39015 | Depths:3 | Lost mutation: You are very agile. (Dex +8, Str/Int -2)
                  | [Jiyva's grace]
 39015 | Depths:3 | Lost mutation: You are somewhat resistant to further
                  | mutation. [Jiyva's grace]
 39015 | Depths:3 | Lost mutation: You are robust. (+10% HP) [Jiyva's grace]
 39015 | Depths:3 | Lost mutation: Armour fits poorly on your massive
                  | pseudopods. [Jiyva's grace]
 39015 | Depths:3 | Gained mutation: You are robust. (+10% HP) [Jiyva's grace]
 39015 | Depths:3 | Gained mutation: You are very robust. (+20% HP) [Jiyva's
                  | grace]
 39015 | Depths:3 | Gained mutation: You are extremely robust. (+30% HP)
                  | [Jiyva's grace]
 39015 | Depths:3 | Gained mutation: Your transparent skin significantly
                  | reduces your foes' accuracy. (Stealth+) [Jiyva's grace]
 39544 | Elf:3    | Bought 2 potions of might for 136 gold pieces
 39544 | Elf:3    | Bought a potion of resistance for 170 gold pieces
 39553 | Elf:3    | Bought the ring of Wishful Thinking {Wiz Fly Str+4} for 475
                  | gold pieces
 40044 | Crypt:1  | Entered Level 1 of the Crypt
 40091 | Crypt:1  | Reached skill level 1 in Necromancy
 40133 | Crypt:1  | Found a magical portal.
 40174 | WizLab   | Entered The Hall of the Hellbinder
 40210 | WizLab   | Reached skill level 21 in Earth Magic
 40303 | WizLab   | Gained mutation: Your body sometimes deteriorates upon
                  | taking damage. [a neqoxec]
 40345 | WizLab   | Found a burning altar of Makhleb.
 40355 | WizLab   | Gained mutation: You occasionally shout uncontrollably at
                  | your foes. [a cacodemon]
 40388 | WizLab   | Got the Folio of the Commander
 40389 | WizLab   | Identified the ring "Myos" {rF+ rN+ Will+}
 40395 | WizLab   | Identified the ring "Leapti" {rElec rF+ rN+ MP+9 Dex+4}
 40433 | WizLab   | Learned a level 3 spell: Swiftness
 41719 | Crypt:2  | Identified the +2 robe "Zecymnuj" {rN++}
 42409 | Crypt:3  | Entered Level 3 of the Crypt
 42543 | Crypt:3  | Lost mutation: You are mostly covered in iridescent scales.
                  | (AC +4) [Jiyva's grace]
 42543 | Crypt:3  | Lost mutation: Your mind is very acute. (Int +8, Str/Dex
                  | -2) [Jiyva's grace]
 42543 | Crypt:3  | Lost mutation: You occasionally shout uncontrollably at
                  | your foes. [Jiyva's grace]
 42543 | Crypt:3  | Lost mutation: Your transparent skin significantly reduces
                  | your foes' accuracy. (Stealth+) [Jiyva's grace]
 42543 | Crypt:3  | Lost mutation: Your translucent skin reduces your foes'
                  | accuracy. (Stealth+) [Jiyva's grace]
 42543 | Crypt:3  | Gained mutation: You are somewhat resistant to further
                  | mutation. [Jiyva's grace]
 42543 | Crypt:3  | Gained mutation: You are somewhat resistant to both further
                  | mutation and mutation removal. [Jiyva's grace]
 42543 | Crypt:3  | Gained mutation: You are almost entirely resistant to
                  | further mutation and mutation removal. [Jiyva's grace]
 42543 | Crypt:3  | Gained mutation: You have large cloven feet. [Jiyva's
                  | grace]
 42576 | Crypt:3  | Noticed Frederick
 42582 | Crypt:3  | Killed Frederick
 42583 | Crypt:3  | Reached skill level 22 in Earth Magic
 42830 | Crypt:3  | Found a basalt altar of Yredelemnul.
 43079 | Crypt:3  | Found a staircase to the Tomb.
 43118 | Crypt:3  | Acquired 720 gold pieces
 43244 | Crypt:3  | Reached XP level 26. HP: 215/224 MP: 36/36
 44033 | Crypt:3  | Identified the +8 dagger "Munt" {freeze, Contam rElec Will+
                  | Int+4}
 44187 | Tomb:1   | Entered Level 1 of the Tomb of the Ancients
 44383 | Tomb:1   | Reached skill level 5 in Necromancy
 44583 | Tomb:1   | Lost mutation: You have a pair of small horns on your head.
                  | [Jiyva's grace]
 44583 | Tomb:1   | Lost mutation: You are almost entirely resistant to further
                  | mutation and mutation removal. [Jiyva's grace]
 44583 | Tomb:1   | Lost mutation: Armour fits poorly on your large pseudopods.
                  | [Jiyva's grace]
 44583 | Tomb:1   | Gained mutation: You possess an exceptional clarity of
                  | mind. [Jiyva's grace]
 44583 | Tomb:1   | Gained mutation: Armour fits poorly on your large
                  | pseudopods. [Jiyva's grace]
 44583 | Tomb:1   | Gained mutation: Armour fits poorly on your massive
                  | pseudopods. [Jiyva's grace]
 44583 | Tomb:1   | Gained mutation: You have a pair of small horns on your
                  | head. [Jiyva's grace]
 44595 | Tomb:1   | Noticed a royal mummy
 44607 | Tomb:1   | Killed a royal mummy
 44696 | Tomb:1   | Reached skill level 23 in Earth Magic
 44773 | Tomb:1   | Reached skill level 10 in Spellcasting
 45629 | Depths:4 | Entered Level 4 of the Depths
 45629 | Depths:4 | Found a one-way gateway to a ziggurat.
 45918 | Depths:4 | Found a gate to the Realm of Zot.
 46379 | Depths:4 | Learned a level 8 spell: Lehudib's Crystal Spear
 46656 | Zot:1    | Entered Level 1 of the Realm of Zot
 46767 | Zot:1    | Identified the +1 leather armour of Poogaw {rF- Will- rCorr
                  | Str+9}
 47436 | Zot:1    | Reached skill level 24 in Earth Magic
 47603 | Zot:2    | Lost mutation: You have a pair of small horns on your head.
                  | [Jiyva's grace]
 47603 | Zot:2    | Lost mutation: Your mind is acute. (Int +4, Str/Dex -1)
                  | [Jiyva's grace]
 47603 | Zot:2    | Lost mutation: Your body sometimes deteriorates upon taking
                  | damage. [Jiyva's grace]
 47603 | Zot:2    | Lost mutation: You are strong-willed. (Will+) [Jiyva's
                  | grace]
 47603 | Zot:2    | Lost mutation: You are somewhat resistant to both further
                  | mutation and mutation removal. [Jiyva's grace]
 47603 | Zot:2    | Lost mutation: You are extremely robust. (+30% HP) [Jiyva's
                  | grace]
 47603 | Zot:2    | Lost mutation: Armour fits poorly on your massive
                  | pseudopods. [Jiyva's grace]
 47603 | Zot:2    | Gained mutation: You have a pair of small horns on your
                  | head. [Jiyva's grace]
 47603 | Zot:2    | Gained mutation: You have a pair of horns on your head.
                  | [Jiyva's grace]
 47603 | Zot:2    | Gained mutation: You have a pair of large horns on your
                  | head. [Jiyva's grace]
 47603 | Zot:2    | Gained mutation: You expend magic power (3 MP) to
                  | strengthen your wands. [Jiyva's grace]
 48223 | Zot:3    | Reached XP level 27. HP: 214/214 MP: 18/37
 48243 | Zot:3    | Reached skill level 15 in Armour
 48369 | Zot:3    | Found the +4 dragonskin cloak
 48369 | Zot:3    | Noticed Tiamat
 48708 | Zot:3    | Killed Tiamat
 49369 | Vaults:4 | Found Xucomo's Antique Weapon Boutique.
 49394 | Vaults:4 | Found Zeigupn's Antique Weapon Boutique.
 49395 | Vaults:4 | Noticed Saint Roka
 49409 | Vaults:4 | Killed Saint Roka
 49532 | Vaults:4 | Lost mutation: You are partially covered in iridescent
                  | scales. (AC +2) [Jiyva's grace]
 49532 | Vaults:4 | Lost mutation: You are partially covered in large bone
                  | plates. (SH +4) [Jiyva's grace]
 49532 | Vaults:4 | Lost mutation: You possess an exceptional clarity of mind.
                  | [Jiyva's grace]
 49532 | Vaults:4 | Lost mutation: You are somewhat resistant to further
                  | mutation. [Jiyva's grace]
 49532 | Vaults:4 | Lost mutation: You are very robust. (+20% HP) [Jiyva's
                  | grace]
 49532 | Vaults:4 | Lost mutation: You are robust. (+10% HP) [Jiyva's grace]
 49532 | Vaults:4 | Lost mutation: Your translucent skin slightly reduces your
                  | foes' accuracy. (Stealth+) [Jiyva's grace]
 49532 | Vaults:4 | Lost mutation: You expend magic power (3 MP) to strengthen
                  | your wands. [Jiyva's grace]
 49532 | Vaults:4 | Gained mutation: Your flesh is heat resistant. (rF+)
                  | [Jiyva's grace]
 49532 | Vaults:4 | Gained mutation: Your flesh is very heat resistant. (rF++)
                  | [Jiyva's grace]
 49532 | Vaults:4 | Gained mutation: Your flesh is almost immune to the effects
                  | of heat. (rF+++) [Jiyva's grace]
 49532 | Vaults:4 | Gained mutation: You have hoof-like feet. [Jiyva's grace]
 49572 | Vaults:5 | Entered Level 5 of the Vaults
 49575 | Vaults:5 | Noticed Sojobo
 49577 | Vaults:5 | Noticed a dread lich
 49588 | Vaults:5 | Killed Sojobo
 49616 | Vaults:5 | Noticed an ancient lich
 49726 | Vaults:5 | Identified the +7 plate armour of Evolution {rPois rC+
                  | Str-3}
 49788 | Vaults:5 | Noticed an ancient lich
 49803 | Vaults:5 | Killed an ancient lich
 49804 | Vaults:5 | Reached skill level 10 in Dodging
 49824 | Vaults:5 | Killed an ancient lich
 49905 | Vaults:5 | Identified the +4 quarterstaff of Resumed Hostilities
                  | {pain, Stlth+}
 49957 | Vaults:5 | Paralysed by something for 3 turns
 49992 | Vaults:4 | Paralysed by a dread lich for 3 turns
 50005 | Vaults:4 | Killed a dread lich
 50079 | Vaults:4 | Bought a scroll of blinking for 157 gold pieces
 50079 | Vaults:4 | Bought a potion of haste for 210 gold pieces
 50321 | Vaults:5 | Got a silver rune of Zot
 50427 | Vaults:5 | Identified the +5 chain mail of the Lemon {rF++}
 50522 | Vaults:5 | Identified the +9 sling of Wu Jian {freeze, rElec rN++
                  | Will- Str+4}
 50543 | Vaults:5 | Identified the +5 ring mail "Zithon" {Rampage rElec Stlth+}
 50647 | Vaults:5 | Identified the +12 long sword "Cozutee" {freeze, rPois rF+
                  | Dex+4 Stlth-}
 50777 | Vaults:5 | Identified the ring "Cokk" {Wiz +Blink rElec}
 51939 | Zot:4    | Identified the +1 scale mail "Idweryxua" {rF+ rN+++ Will+
                  | Int-2}
 51986 | Zot:4    | Found a runed translucent door.
 51986 | Zot:4    | Noticed Laddes's ghost (veteran DsFi)
 52478 | Zot:4    | Identified the +4 war axe "Nusmuap" {flame, rElec Dex+4}
 52652 | Zot:4    | Killed Laddes's ghost
 52693 | Zot:5    | Entered Level 5 of the Realm of Zot
 53140 | Zot:5    | Noticed a dread lich
 53145 | Zot:5    | Killed a dread lich
 53145 | Zot:5    | Noticed a dread lich
 53155 | Zot:5    | Killed a dread lich
 53201 | Zot:5    | Noticed an orb of fire
 53203 | Zot:5    | Gained mutation: You sometimes lose your temper in combat.
                  | [an orb of fire]
 53205 | Zot:5    | Gained mutation: Potions are less effective at restoring
                  | your health. [an orb of fire]
 53206 | Zot:5    | Noticed an orb of fire
 53208 | Zot:5    | Noticed an ancient lich
 53215 | Zot:5    | Gained mutation: You occasionally lose the ability to read
                  | scrolls when taking damage. [an orb of fire]
 53216 | Zot:5    | Gained mutation: You occasionally shout uncontrollably at
                  | your foes. [an orb of fire]
 53223 | Zot:5    | Gained mutation: Your magical capacity is low. (-10% MP)
                  | [an orb of fire]
 53226 | Zot:5    | Killed an ancient lich
 53227 | Zot:5    | Killed an orb of fire
 53230 | Zot:5    | Noticed a dread lich
 53234 | Zot:5    | Gained mutation: Your spells are a little easier to cast,
                  | but a little less powerful. [an orb of fire]
 53235 | Zot:5    | Noticed a dread lich
 53237 | Zot:5    | Killed an orb of fire
 53247 | Zot:5    | Gained mutation: Your spells are easier to cast, but less
                  | powerful. [a cacodemon]
 53248 | Zot:5    | Gained mutation: You have an uncontrollable temper.
                  | [mutagenic glow]
 53249 | Zot:5    | HP: 5/179 [Orb Guardian (4)]
 53250 | Zot:5    | Slain by an Orb Guardian

Illustrated notes

Levels and vault maps discovered:
D:1:      heliophobic_arrival_henge, layout_rooms,
          dreamdust_ecumenical_altar_hidden_monk_grotto, serial_shops, shop,
          minmay_tetromino_i4
D:2:      layout_loops_ring, basic_altar, minmay_misc_feat_diagonals,
          uniq_jessica
D:3:      layout_rooms, mainiacjoe_overflow_small_starburst
D:4:      minmay_chambers_of_threes, layout_basic, mainiacjoe_overflow_paths,
          minmay_lizard_king
D:5:      minmay_general_purpose_star, layout_basic,
          nicolae_gozag_cash_rules_everything_around_me,
          nicolae_overflow_hidden_temple, cheibrodos_worm_habitat,
          nicolae_specific_store, amethyst_killhole, minmay_divided_ellipse,
          uniq_eustachio, uniq_menkaure
D:6:      minmay_klotski, layout_basic, kennysheep_mini_moat,
          mainiacjoe_overflow_six_doors_small,
          mainiacjoe_overflow_surrounded_room, uniq_pikel
D:7:      layout_basic, uniq_joseph
D:8:      layout_loops_ring, nicolae_overflow_squiral,
          mainiacjoe_overflow_boulevard, chequers_serial_rivers_micro_c,
          uniq_prince_ribbit1, uniq_psyche
D:9:      layout_roguey, nicolae_qazlal_general_emergency, bloody_makhleb,
          lair_entry_dummy, enter_bailey_3, serial_aquarium,
          aquarium_bridge_long_separate [aquarium_subvault_window,
          aquarium_subvault_bridge, aquarium_subvault_balcony,
          aquarium_subvault_wall, aquarium_subvault_bridge,
          aquarium_subvault_wall], aquarium_window_corridor_1,
          aquarium_window_fake, aquarium_window_1, aquarium_window_2,
          aquarium_view_4, aquarium_view_2e
D:10:     layout_irregular_city, mainiacjoe_overflow_24_doors,
          mainiacjoe_overflow_concentric_impassable, tgw_trog
D:11:     layout_rooms, minmay_orc_entry_temple_small, serial_shops,
          nicolae_shop_trees
D:12:     layout_roguey, uniq_maurice
D:13:     gammafunk_beogh_shrine, layout_rooms
D:14:     minmay_chopped_fan, layout_loops_ring, david_vaults_4, uniq_agnes,
          uniq_snorg, uniq_frances, uniq_jorgrun
D:15:     grunt_enter_depths_snipers, layout_cave_pools,
          chequers_serial_rivers_small_3
Lair:1:   layout_roguey, chequers_serial_rivers_room_b, grunt_megastairs_2
Lair:2:   layout_hall_layers, lemuel_old_faithful
Lair:3:   layout_regular_city, minmay_shoals_entry_centaurs,
          hellmonk_spider_entry_not_the_bees, basic_altar, uniq_kirke
Lair:4:   nzn_winding_woodlands_medium [nzn_winding_woodlands_5x5_default,
          nzn_winding_woodlands_5x15_sawtooth,
          nzn_winding_woodlands_5x5_perimeter, nzn_winding_woodlands_5x5_cross,
          nzn_winding_woodlands_center_triple_pond,
          nzn_winding_woodlands_5x5_default,
          nzn_winding_woodlands_5x5_checkerboard,
          nzn_winding_woodlands_5x15_pool, nzn_winding_woodlands_5x5_open_star],
          layout_gridlike, slime_entry_1, serial_bayou_shore_b
Lair:5:   minmay_lair_end_frog_pond, layout_cave_pods,
          nicolae_quartered_pool_little
Shoals:1: layout_shoals, uniq_roxanne
Shoals:2: layout_shoals, nicolae_stop_n_shop_2, uniq_ilsuiw
Shoals:3: layout_shoals
Shoals:4: shoals_end_grunt_ice, layout_shoals, shoals_ilsuiw_alternative,
          gammafunk_ghost_necromancy, nicolae_shoals_cliffside_cave,
          uniq_polyphemus, uniq_nikola
Spider:1: layout_spider_delve, nicolae_looking_at_the_future, uniq_mlioglotl
Spider:2: layout_spider_delve, hangedman_spider_tarantella_strand
Spider:3: layout_chambers, uniq_aizul, uniq_asterion
Spider:4: johnstein_spider_rune_arachne_lair
Slime:1:  layout_caves
Slime:2:  nicolae_slime_jelly_donut, layout_caves
Slime:3:  layout_caves, cheibrodos_slime_lost_civilization_7
Slime:4:  layout_caves, nicolae_slime_welcoming_committee
Slime:5
Orc:1:    layout_caves, hellmonk_bongcloud_opening
Orc:2:    grunt_orc_gardens, layout_caves, grunt_orc_garden, grunt_orc_garden,
          grunt_orc_garden, grunt_orc_garden, uniq_azrael, uniq_rupert
Elf:1:    layout_onion_city, portal_desolation_entry_twin_temple, serial_shops,
          nicolae_shop_crystal, orc_legates, nicolae_shop_overcharged_wands
Elf:2:    nicolae_elf_blades_crystal_corner, layout_rooms, serial_shops,
          nicolae_shop_hallway_stairs
Elf:3:    elf_hall, layout_loops_corners,
          nicolae_elf_glass_and_crystal_pillar_1, minmay_shop_grid_forest,
          hangedman_summoners_spam
Vaults:1: v_misc_32, door_vault, v_misc_10, v_misc_24, dpeg_vaults_monster_box,
          hangedman_vaults_corner_blocks, layout_vaults_chaotic_city,
          serial_shops, shop, nicolae_trove_entry_isolated
Vaults:2: minmay_crypt_entry_necro_gods, ontoclasm_vaults_ring_large,
          hangedman_vaults_corner, grunt_vaults_trifunnel,
          vaults_room_door_hall, nicolae_vaults_three_branches,
          ontoclasm_vaults_tryst, grunt_vaults_swirl, v_pattern_5,
          hangedman_vaults_impose, vaults_mumra_bighexcomb, layout_vaults_ring,
          serial_shops, bzr_in_the_mist, shop_statue, nicolae_square_shop
Vaults:3: vaults_mumra_minichess_inversion, hangedman_vaults_pinch,
          ontoclasm_vaults_decontamination, layout_vaults_omnigrid, serial_glass
Vaults:4: ontoclasm_vaults_ring_square, v_misc_1, ontoclasm_vaults_chip,
          v_misc_12, ontoclasm_vaults_ring_large,
          nicolae_vaults_yaktaur_gun_rack, ontoclasm_vaults_eye,
          ontoclasm_vaults_pinch, ontoclasm_vaults_idyll,
          vaults_room_grunt_arrival_checkpoint, ontoclasm_vaults_gallery,
          nicolae_vaults_ring_of_whatevers, ontoclasm_vaults_ring_small,
          nicolae_vaults_little_squares_5, layout_vaults_omnicross,
          serial_shops, nicolae_lakefront_shop, shop,
          nicolae_shop_advertising_works [nicolae_subvault_shop_adworks],
          nicolae_shop_waterfront, shop, uniq_margery, uniq_saint_roka,
          uniq_zenata
Vaults:5: uniq_sojobo
Crypt:1:  layout_gridlike, infiniplex_enter_wizlab_glasses
Crypt:2:  layout_catacombs
Crypt:3:  evilmike_haunted_forest, uniq_frederick
Tomb:1
Depths:1: layout_gridville, grunt_pan_entry_in_and_out, hell_entry,
          lemuel_crystal_altar, kennysheep_small_spiral,
          hangedman_decor_peaks_small, minmay_misc_feat_enclosed,
          kennysheep_small_square
Depths:2: minmay_bloctagon, layout_cave_shapes, pan_entry, hellmouth_2
Depths:3: grunt_runaround [grunt_runaround_doors_1, grunt_runaround_doors_2,
          grunt_runaround_doors_3, grunt_runaround_doors_4,
          grunt_runaround_loot], hell_entry, abyss_entry, uniq_grunn
Depths:4: grunt_twist_and_shout, layout_honeycomb, enter_ziggurat_d,
          serial_bayou_pond_c, grunt_hell_entry_dis_grunt
Zot:1:    layout_twisted_circle
Zot:2:    layout_twisted_circle
Zot:3:    layout_onion_interference, grunt_ministairs_15, uniq_tiamat
Zot:4:    layout_basic, hellmonk_ghost_happy_afterlife,
          hangedman_snake_sidewinding
Zot:5:    layout_twisted_circle, lemuel_golem_globe

Skill      XL: |  1  2  3  4  5  6  7  8  9 10 11 12 13 14 15 16 17 18 19 20 21 22 23 24 25 26 27 |
---------------+----------------------------------------------------------------------------------+-----
Fighting       | 1 2 3 4 5 7 8 10 11 12 13 15 18 19 20 | 20.0
Earth Magic    | 4 5 6 7 8 10 11 12 13 16 17 18 20 22 24 | 24.0
Conjurations   | 1 2 3 4 6 7 9 10 12 13 15 17 18 21 | 21.2
Shields        | 4 6 7 9 |  9.2
Maces & Flails | 1 4 6 8 11 12 13 14 | 14.0
Dodging        | 3 4 7 8 12 | 12.2
Stealth        | 4 7 10 12 | 12.8
Ice Magic      | 2 5 6 7 10 11 14 16 17 19 20 21 23 | 23.6
Armour         | 2 5 9 11 13 14 18 | 18.6
Spellcasting   | 3 6 8 9 10 | 10.7
Air Magic      | 4 |  4.0
Necromancy     | 4 5 |  5.2
Summonings     | |  0.1
Transmutations | |  0.7

Action                   |  1- 3 |  4- 6 |  7- 9 | 10-12 | 13-15 | 16-18 | 19-21 | 22-24 | 25-27 || total
-------------------------+-------+-------+-------+-------+-------+-------+-------+-------+-------++-------
Melee: Unarmed           |    10 |       |       |       |       |       |       |       |       ||    10
       Dagger            |    18 |    14 |     1 |       |       |       |       |       |       ||    33
       Rapier            |       |       |    22 |       |       |       |       |       |       ||    22
       Whip              |       |       |       |   130 |       |       |       |       |       ||   130
       Headbutt          |       |       |       |    86 |   354 |   335 |   141 |   196 |   657 ||  1769
       Flail             |       |       |       |   264 |  1002 |  1107 |   432 |   554 |  1499 ||  4858
       Pseudopods        |       |       |       |    72 |   320 |   272 |       |   158 |   565 ||  1387
       Bite              |       |       |       |       |       |   153 |    34 |    61 |   362 ||   610
       Hand axe          |       |       |       |       |       |   104 |    98 |       |       ||   202
       Kick              |       |       |       |       |       |    48 |   197 |    30 |       ||   275
       Eveningstar       |       |       |       |       |       |       |       |    19 |   175 ||   194
       Quarterstaff      |       |       |       |       |       |       |       |       |    24 ||    24
       Punch             |       |       |       |       |       |       |       |       |     2 ||     2
 Fire: Greatsling        |       |       |       |       |       |       |       |     4 |     1 ||     5
Throw: Dart              |       |       |     1 |     2 |       |     1 |       |       |     1 ||     5
 Cast: Sandblast         |    28 |    49 |   125 |   252 |   100 |    62 |    25 |    25 |       ||   666
       Passwall          |       |       |     1 |     1 |       |       |       |       |       ||     2
       Stone Arrow       |       |       |    12 |     5 |       |       |    12 |     4 |     2 ||    35
       Animate Armour    |       |       |       |       |       |    14 |     1 |     4 |     4 ||    23
       Ozocubu's Armour  |       |       |       |       |       |     8 |     5 |     2 |     3 ||    18
       Freezing Cloud    |       |       |       |       |       |    41 |    28 |    20 |    12 ||   101
       Ozocubu's Refrige |       |       |       |       |       |       |    97 |   110 |   131 ||   338
       Fireball          |       |       |       |       |       |       |     1 |       |     2 ||     3
       Borgnjor's Vile C |       |       |       |       |       |       |       |     8 |    16 ||    24
       Lehudib's Crystal |       |       |       |       |       |       |       |       |     7 ||     7
       Swiftness         |       |       |       |       |       |       |       |       |     2 ||     2
Invok: Oozemancy         |       |     1 |     1 |     2 |     3 |     3 |     1 |       |     3 ||    14
       Slimify           |       |       |       |     1 |     1 |       |       |       |       ||     2
Evoke: Box of beasts     |       |       |       |     1 |       |     2 |       |     1 |       ||     4
       Wand              |       |       |       |       |     4 |     2 |     4 |     7 |     4 ||    21
       Condenser vane    |       |       |       |       |       |     2 |     2 |       |     2 ||     6
       Phantom mirror    |       |       |       |       |       |       |       |     1 |     1 ||     2
  Use: Scroll            |       |     1 |       |    15 |     9 |     8 |    10 |     3 |    29 ||    75
       Potion            |       |       |       |       |     3 |     6 |     3 |       |    24 ||    36
 Stab: Sleeping          |       |       |     1 |     3 |    19 |    17 |     3 |    13 |     1 ||    57
       Distracted        |       |       |       |       |     2 |     3 |       |     2 |     4 ||    11
       Petrified         |       |       |       |       |       |     2 |       |       |       ||     2
       Confused          |       |       |       |       |       |       |     1 |       |       ||     1
Armor: Robe              |    11 |    12 |    29 |       |       |       |       |       |       ||    52
       Steam dragon scal |       |       |    12 |    84 |       |       |       |       |       ||    96
       Troll leather arm |       |       |       |   252 |   114 |       |       |       |       ||   366
       Quicksilver drago |       |       |       |       |   516 |   258 |       |       |       ||   774
       Fire dragon scale |       |       |       |       |       |   770 |   756 |   291 |   210 ||  2027
       Shadow dragon sca |       |       |       |       |       |       |       |    12 |     3 ||    15
       Gold dragon scale |       |       |       |       |       |       |       |     1 |  1096 ||  1097
       Skin              |       |       |       |       |       |       |       |     1 |     1 ||     2
Dodge: Dodged            |    29 |    16 |    61 |   362 |   548 |   845 |   205 |   210 |   653 ||  2929
Block: Buckler           |       |       |       |   198 |   391 |   701 |   268 |   421 |  1312 ||  3291
       Reflection        |       |       |       |       |       |       |       |    15 |    19 ||    34
       Other             |       |       |       |       |       |       |       |       |    71 ||    71
